 Dungeon Crawl Stone Soup version 0.25.1-8-g42b30a86e7 (webtiles) character file.

Game seed: 7158360274880164846

1384773 OdinFK the Halfling Catapult (level 27, -20/224 HPs)
             Began as a Halfling Hunter on Dec 14, 2020.
             Was the Champion of Nemelex Xobeh.
             Killed from afar by a starcursed mass (21 damage)
             ... with an accursed screaming
             ... while paralysed by accursed screaming
             ... on level 1 of the Abyss on Dec 19, 2020.
             The game lasted 14:54:33 (144632 turns).

OdinFK the Halfling Catapult (Halfling Hunter)    Turns: 144632, Time: 14:54:34

Health: -20/224    AC: 32    Str: 22    XL:     27
Magic:  33/41      EV:  3    Int: 18    God:    Nemelex Xobeh [******]
Gold:   15286      SH:  0    Dex: 34    Spells: 32/54 levels left

rFire    + . .     SeeInvis +   b - +12 Vampire's Tooth {vamp}
rCold    + + +     Gourm    .   C - +5 kite shield {rN+}
rNeg     + + +     Faith    .   g - +5 scale mail "Muoczyt" {+Fly rC+ rN++ Str+2}
rPois    +         Spirit   .   H - +2 helmet {SInv}
rElec    .         Reflect  .   q - +1 cloak of the Dwarven Hall {Slay+4}
rCorr    .         Harm     .   M - +2 pair of gloves {Dex+3}
MR       +++..     Rnd*Rage +   k - +2 pair of boots
Stlth    +++++++++.             K - amulet of the Invisible Hosts {*Drain rC+ Regen+ Str+3 Int+3}
HPRegen  0.00/turn              J - ring of Gegium {rC+ MR+ Str+4 Dex+3 SInv}
MPRegen  0.27/turn              T - ring "Ytum" {*Drain rPois rF+ Int+6 Dex+4}

@: paralysed, berserk cooldown, non-regenerating, diseased
A: small, talons 1, [berserk 2], [blurry vision 1], [clumsy 2], [deterioration
1], mutation resistance 1, [subdued magic 1]
}: 14/15 runes: barnacled, slimy, silver, iron, obsidian, icy, bone, abyssal,
demonic, glowing, magical, fiery, dark, gossamer
a: Draw Escape, Draw Destruction, Draw Summoning, Draw Stack, Triple Draw, Deal
Four, Stack Five, Renounce Religion, Evoke Flight


You were on level 1 of the Abyss.
You worshipped Nemelex Xobeh.
Nemelex Xobeh was exalted by your worship.
You were not hungry.

You visited 18 branches of the dungeon, and saw 89 of its levels.
You visited Pandemonium 2 times, and saw 17 of its levels.
You visited the Abyss 5 times.
You visited 1 ziggurat, and saw 8 of its levels.
You also visited: Trove, Bailey, Ice Cave and Desolation.

You collected 17077 gold pieces.
You spent 1791 gold pieces at shops.

Inventory:

Hand Weapons
 a - the +3 sling "Punk" {acid, rCorr}
   (You bought it in a shop on level 8 of the Dungeon)

   It provides partial protection from all sources of acid and corrosion.
 b - the +12 Vampire's Tooth (weapon) {vamp}
   (You found it on level 7 of Tartarus)

   It inflicts no extra harm, but heals its wielder when it wounds a living foe.
Missiles
 j - 259 stones (quivered)
 Q - 44 sling bullets
Armour
 e - the +2 plate armour "Dyffuots" {-Cast MR++ Regen+ rCorr}
   (You found it on level 11 of the Dungeon)

   It affects your resistance to hostile enchantments.
   It prevents spellcasting.
   It increases your rate of regeneration.
   It provides partial protection from all sources of acid and corrosion.
 g - the +5 scale mail "Muoczyt" (worn) {+Fly rC+ rN++ Str+2}
   (You found it in the Desolation of Salt)

   It affects your strength (+2).
   It protects you from cold.
   It greatly protects you from negative energy.
   It lets you fly.
 k - a +2 pair of boots (worn)
 o - the +3 kite shield of the Ecumenical Temple {+Fly Int+4 Dex+2}
   (You took it off Donald on level 2 of the Elven Halls)

   It affects your intelligence (+4).
   It affects your dexterity (+2).
   It lets you fly.
 q - the +1 cloak of the Dwarven Hall (worn) {Slay+4}
   (You found it on level 1 of the Depths)

   It affects your accuracy and damage with ranged weapons and melee attacks
   (+4).
 C - a +5 kite shield of positive energy (worn)
 H - a +2 helmet of see invisible (worn)
 M - a +2 pair of gloves of dexterity (worn)
 V - the +1 scale mail of the Hills {rElec MR+ Slay+5}
   (You found it on level 5 of the Pits of Slime)

   It affects your accuracy and damage with ranged weapons and melee attacks
   (+5).
   It insulates you from electricity.
   It affects your resistance to hostile enchantments.
Jewellery
 m - the amulet of Modesty {Reflect rPois SH+5}
   (You found it on level 7 of the Iron City of Dis)

   [amulet of reflection]

   It shields you and reflects attacks.
   It protects you from poison.
   It affects your SH (+5).
 s - the ring of the Hart {rCorr Dex+5}
   (You found it on level 3 of the Depths)

   [ring of resist corrosion]

   It affects your dexterity (+5).
   It provides partial protection from all sources of acid and corrosion.
 x - the ring "Suysegit" {+Fly rF+ Int+3}
   (You found it on level 1 of the Abyss)

   [ring of flight]

   It affects your intelligence (+3).
   It protects you from fire.
   It lets you fly.
 y - an uncursed ring of flight
 A - the ring "Zinwac" {MR+ Str+4 Dex+6}
   (You found it on level 4 of the Shoals)

   [ring of dexterity]

   It affects your strength (+4).
   It affects your dexterity (+6).
   It affects your resistance to hostile enchantments.
 B - the ring "Meakhouf" {+Fly rF+ rC+ Stlth+}
   (You found it on level 4 of a ziggurat)

   [ring of stealth]

   It protects you from fire.
   It protects you from cold.
   It lets you fly.
   It makes you more stealthy.
 D - the ring "Lunilemoe" {rC++ Dex+6}
   (You found it on level 4 of a ziggurat)

   [ring of dexterity]

   It affects your dexterity (+6).
   It greatly protects you from cold.
 E - an uncursed ring of positive energy
 J - the ring of Gegium (left hand) {rC+ MR+ Str+4 Dex+3 SInv}
   (You found it on level 3 of the Elven Halls)

   [ring of protection from magic]

   It affects your strength (+4).
   It affects your dexterity (+3).
   It protects you from cold.
   It affects your resistance to hostile enchantments.
   It lets you see invisible.
 K - the amulet of the Invisible Hosts (around neck) {*Drain rC+ Regen+ Str+3 Int+3}
   (You found it on level 7 of Tartarus)

   [amulet of regeneration]

   It affects your strength (+3).
   It affects your intelligence (+3).
   It protects you from cold.
   It increases your rate of regeneration.
   It causes draining when unequipped.
 P - the ring of Xom's Recklessness {rC+ MR+ AC+4}
   (You found it on level 1 of the Lair of Beasts)

   [ring of protection]

   It affects your AC (+4).
   It protects you from cold.
   It affects your resistance to hostile enchantments.
 R - the amulet of Xiritadau {RegenMP rF+ rN+}
   (You found it on level 2 of the Lair of Beasts)

   [amulet of magic regeneration]

   It increases your magic regeneration.
   It protects you from fire.
   It protects you from negative energy.
 T - the ring "Ytum" (right hand) {*Drain rPois rF+ Int+6 Dex+4}
   (You found it on level 3 of the Elven Halls)

   [ring of intelligence]

   It affects your intelligence (+6).
   It affects your dexterity (+4).
   It protects you from fire.
   It protects you from poison.
   It causes draining when unequipped.
 X - the amulet of Vitality {Regen+ HP+15}
   (You found it on level 7 of a ziggurat)

   [amulet of regeneration]

   It affects your health (+15).
   It increases your rate of regeneration.
Wands
 l - a wand of acid (43)
 I - a wand of iceblast (76)
 U - a wand of clouds (28)
 Y - a wand of digging (34)
Scrolls
 d - 9 scrolls of fog
 i - 5 scrolls of identify
 p - 6 scrolls of enchant armour
 t - a scroll of teleportation
 u - 40 scrolls of remove curse
 v - 3 scrolls of magic mapping
 z - 2 scrolls of fear
 F - a scroll of silence
 N - 8 scrolls of immolation
 Z - 5 scrolls of summoning
Potions
 c - 15 potions of curing
 h - a potion of haste
 n - 2 potions of stabbing
 r - 3 potions of resistance
 w - 2 potions of heal wounds
 L - 3 potions of mutation
 W - 5 potions of cancellation
Comestibles
 f - 71 rations


   Skills:
 O Level 27 Fighting
 O Level 27 Short Blades
 O Level 27 Slings
 - Level 22.0 Armour
 O Level 27 Dodging
 + Level 25.3 Stealth
 O Level 27 Shields
 - Level 14.0 Spellcasting
 - Level 2.1 Hexes
 - Level 11.0 Translocations
 - Level 10.0 Transmutations
 - Level 15.0 Earth Magic
 - Level 21.0 Invocations
 - Level 16.3 Evocations


You had 32 spell levels left.
You knew the following spells:

 Your Spells              Type           Power        Failure   Level  Hunger
a - Apportation           Tloc           #####.       1%          1    None
b - Passage of Golubria   Tloc           N/A          1%          4    None
c - Statue Form           Tmut/Erth      #####....    6%          6    #####..
d - Blink                 Tloc           N/A          1%          2    None
e - Portal Projectile     Hex/Tloc       ####..       1%          3    None
f - Dispersal             Tloc           #####.....   12%         6    #####..

Your spell library contained the following spells:

 Spells                   Type           Power        Failure   Level  Hunger
 Beastly Appendage        Tmut           #####.       1%          1    None
 Sting                    Tmut/Pois      ###.         1%          1    None
 Passwall                 Tmut/Erth      #####...     1%          2    None
 Shroud of Golubria       Chrm/Tloc      ###...       1%          2    None
 Sticks to Snakes         Tmut           #####...     1%          2    None
 Gell's Gravitas          Tloc           #####.....   1%          3    None
 Lesser Beckoning         Tloc           #####.....   1%          3    None
 Recall                   Summ/Tloc      N/A          1%          3    None
 Stone Arrow              Conj/Erth      ####..       1%          3    None
 Teleport Other           Tloc           #####...     1%          3    None
 Leda's Liquefaction      Hex/Erth       ####......   1%          4    None
 Petrify                  Tmut/Erth      #####...     1%          4    None
 Lee's Rapid Deconstruct  Erth           ######....   1%          5    ####...
 Corona                   Hex            ###....      2%          1    None
 Spider Form              Tmut/Pois      ###.......   2%          3    None
 Blade Hands              Tmut           #####.....   3%          5    ####...
 Slow                     Hex            ###.....     4%          2    None
 Ignite Poison            Fire/Tmut/Pois ###.....     5%          3    None
 Animate Skeleton         Necr           N/A          7%          1    None
 Foxfire                  Conj/Fire      #...         7%          1    None
 Freeze                   Ice            #...         7%          1    None
 Infusion                 Chrm           #...         7%          1    None
 Magic Dart               Conj           #...         7%          1    None
 Pain                     Necr           #...         7%          1    None
 Shock                    Conj/Air       #...         7%          1    None
 Summon Butterflies       Summ           #.......     7%          1    None
 Summon Small Mammal      Summ           #...         7%          1    None
 Ensorcelled Hibernation  Hex/Ice        ##....       7%          2    None
 Iskenderun's Mystic Bla  Conj/Tloc      ###.....     7%          4    None
 Confusing Touch          Hex            ###.....     9%          3    None
 Tukima's Dance           Hex            ###.....     9%          3    None
 Ice Form                 Ice/Tmut       ###.....     9%          4    None
 Borgnjor's Vile Clutch   Necr/Erth      ####......   9%          5    ####...
 Call Imp                 Summ           #.......     11%         2    None
 Corpse Rot               Necr/Air       N/A          11%         2    None
 Poisonous Vapours        Pois/Air       #.....       11%         2    None
 Searing Ray              Conj           #.....       11%         2    None
 Song of Slaying          Chrm           #.......     11%         2    None
 Sublimation of Blood     Necr           #.........   11%         2    None
 Swiftness                Chrm/Air       #.......     11%         2    None
 Dazzling Flash           Conj/Hex       ##....       14%         3    None
 Inner Flame              Hex/Fire       ##......     14%         3    None
 Spectral Weapon          Hex/Chrm       ##......     14%         3    None
 Summon Guardian Golem    Hex/Summ       ##......     14%         3    None
 Yara's Violent Unravell  Hex/Tmut       ####......   17%         5    ####...
 Hydra Form               Tmut           #####.....   19%         6    #####..
 Call Canine Familiar     Summ           #.......     22%         3    None
 Conjure Flame            Conj/Fire      #.......     22%         3    None
 Frozen Ramparts          Ice            #.....       22%         3    None
 Mephitic Cloud           Conj/Pois/Air  #.......     22%         3    None
 Ozocubu's Armour         Chrm/Ice       #.......     22%         3    None
 Static Discharge         Conj/Air       #.......     22%         3    None
 Vampiric Draining        Necr           #.........   22%         3    None
 Summon Forest            Summ/Tloc      ###.......   22%         5    ####...
 Alistair's Intoxication  Tmut/Pois      ###.....     26%         5    ####...
 Bolt of Magma            Conj/Fire/Erth ###.......   26%         5    ####...
 Irradiate                Conj/Tmut      ###.......   26%         5    ####...
 Cause Fear               Hex            ###.......   30%         4    None
 Fulminant Prism          Conj/Hex       ##........   45%         4    None
 Iron Shot                Conj/Erth      ####......   47%         6    #####..
 Animate Dead             Necr           N/A          61%         4    None
 Dispel Undead            Necr           #.......     61%         4    None
 Hailstorm                Conj/Ice       #.......     61%         4    None
 Olgreb's Toxic Radiance  Pois           #.......     61%         4    None
 Sticky Flame             Conj/Fire      #.......     61%         4    None
 Summon Ice Beast         Ice/Summ       #.......     61%         4    None
 Summon Lightning Spire   Summ/Air       #.......     61%         4    None
 Dragon Form              Tmut           #####.....   73%         7    #######
 Metabolic Englaciation   Hex/Ice        ##........   80%         5    ####...
 Silence                  Hex/Air        ##........   80%         5    ####...
 Summon Mana Viper        Hex/Summ       ##......     80%         5    ####...
 Eringya's Noxious Bog    Tmut/Pois      ###.......   83%         6    #####..
 Agony                    Necr           #.......     92%         5    ####...
 Aura of Abjuration       Summ           #.........   92%         5    ####...
 Excruciating Wounds      Chrm/Necr      #.........   92%         5    ####...
 Fireball                 Conj/Fire      #.........   92%         5    ####...
 Iskenderun's Battlesphe  Conj/Chrm      #.......     92%         5    ####...
 Lightning Bolt           Conj/Air       #.........   92%         5    ####...
 Summon Demon             Summ           #.........   92%         5    ####...
 Darkness                 Hex            ###.......   99%         6    #####..
 Invisibility             Hex            ###.....     99%         6    #####..
 Controlled Blink         Tloc           N/A          99%         8    #######
 Disjunction              Tloc           #####.....   99%         8    #######
 Conjure Ball Lightning   Conj/Air       #.........   100%        6    #####..
 Death Channel            Necr           #.........   100%        6    #####..
 Freezing Cloud           Conj/Ice/Air   #.........   100%        6    #####..
 Ozocubu's Refrigeration  Ice            #.........   100%        6    #####..
 Shadow Creatures         Summ           N/A          100%        6    #####..
 Simulacrum               Ice/Necr       #.........   100%        6    #####..
 Starburst                Conj/Fire      #.........   100%        6    #####..
 Malign Gateway           Summ/Tloc      ###.......   100%        7    #######
 Orb of Destruction       Conj           #.........   100%        7    #######
 Ring of Flames           Chrm/Fire      #.........   100%        7    #######
 Spellforged Servitor     Conj/Summ      #.........   100%        7    #######
 Summon Hydra             Summ           #.........   100%        7    #######
 Discord                  Hex            ###.......   100%        8    #######
 Ignition                 Fire           #.........   100%        8    #######
 Shatter                  Erth           ######....   100%        9    #######
 Tornado                  Air            #.........   100%        9    #######


Dungeon Overview and Level Annotations

Branches:
Dungeon (15/15)            Temple (1/1) D:5            Lair (6/6) D:8
 Shoals (4/4) Lair:2       Spider (4/4) Lair:2        Slime (5/5) Lair:6
    Orc (2/2) D:10            Elf (3/3) Orc:2        Vaults (5/5) D:13
  Crypt (3/3) Vaults:3       Tomb (2/3) Crypt:3      Depths (5/5) D:15
   Hell (visited)             Dis (7/7) Hell            Geh (7/7) Hell
    Coc (7/7) Hell            Tar (7/7) Hell            Zot (5/5) Depths:5
 Bailey (visited)           IceCv (visited)         Desolation (visited)

Altars:
Ashenzari
Cheibriados
Dithmenos
Elyvilon
Fedhas
Gozag
Hepliaklqana
Kikubaaqudgha
Makhleb
Nemelex Xobeh
Okawaru
Qazlal
Ru
Sif Muna
Uskayaw
Vehumet
Wu Jian
Xom
Yredelemnul
Zin
The Shining One
Beogh
Jiyva

Shops:
D:8 (   D:14 *(   Orc:2 (%[((   Elf:2 !(*(?   Vaults:4 }   Depths:5 }

Portals:
Hell: Depths:1 Depths:2 Depths:3 Depths:4 Depths:5
Abyss: Depths:2 Depths:3 Depths:4 Depths:5
Pandemonium: Depths:3

Annotations:
D:3 4 transporters, Clowwww's ghost, amateur DsAK
Lair:3 exclusion: 2 oklob plants
Spider:3 exclusion: downstairs
Elf:2 3 runed translucent doors
Tar:7 Ereshkigal
Abyss:1 1 transporter


Innate Abilities, Weirdness & Mutations

You are small and have problems with some larger weapons.
You are somewhat resistant to further mutation.
You have sharp toenails.
[You often lose your temper in combat.]
[Scrolls take you a little longer to read.]
[You are very clumsy. (Dex -4)]
[Your body sometimes deteriorates upon taking damage.]
[Your spells are a little easier to cast, but a little less powerful.]


Message History

You feel a little less angry.
You feel robust.
The anaconda changes into an ice dragon!
You block the ancient zyme's attack. x2
A cacophony of accursed wailing tears at your sanity!
* * * LOW HITPOINT WARNING * * *
You suddenly lose the ability to move!
A starcursed mass splits. x2
The ancient zyme hits you but does no damage. x4
The starcursed mass barely misses you. The smoke demon gestures at you.
Something smites you!
* * * LOW HITPOINT WARNING * * *
The ancient zyme hits you but does no damage. x3
The ancient zyme hits you.
* * * LOW HITPOINT WARNING * * *
The starcursed mass engulfs you!
* * * LOW HITPOINT WARNING * * *
A cacophony of accursed wailing tears at your sanity!
You die...
Your body glows with a rainbow of weird colours and disappears.

. #### . ##!.# #
#:?.## . #.∩@x##
###xXX# .#
..3###XXXXw..## ##
42##XXXX.##.
#....©#DXX*.#©...#
#....##*X3..## .
#.###CX.....## ##
#...###.. .. . . #
##..# # #


You could see 13 starcursed masses, an ice dragon shaped shifter, a tentacled
starspawn, a balrug, a wretched star, an ettin shaped shifter, 2 ancient zymes,
a smoke demon, a ynoxinul, a starspawn tentacle and a lurking horror.

Vanquished Creatures
  Antaeus (Coc:7)
  the Royal Jelly (Slime:5)
  the Serpent of Hell (Hell)
  Mnoleg (Pan)
  Lom Lobon (Pan)
  3 pandemonium lords
  Dispater (Dis:7)
  Khufu (Tomb:2)
  6 ancient liches
  2 juggernauts
  Sojobo (Depths:1)
  8 greater mummies
  25 shard shrikes
  Saint Roka (Depths:5)
  Margery (Crypt:1)
  Xtahua (Vaults:4)
  3 curse toes
  7 caustic shrikes
  Geryon (Hell)
  A profane servitor (Abyss:1)
  10 golden dragons
  27 bone dragons
  16 doom hounds
  55 Tzitzimimeh
  An electric golem (Zot:3)
  20 Brimstone Fiends
  15 iron giants
  14 liches
  13 Hell Sentinels
  25 tentacled monstrosities
  24 Ice Fiends
  The ghost of Clowwww the Peltast, an adept MiFi of Trog (D:15)
  A deep elf blademaster (Elf:3)
  A deep elf master archer (Elf:3)
  5 death cobs
  10 titans
  21 Executioners
  Frances (Elf:1)
  2 krakens
  14 quicksilver dragons
  25 ancient champions
  21 acid blobs
  26 tentacled starspawn
  14 sphinxes
  24 shadow dragons
  8 tengu reavers
  The ghost of Iruul the Peltast, an adept MiFi of Okawaru (Shoals:3)
  15 storm dragons
  Donald (Elf:2)
  Roxanne (D:15)
  7 draconian monks
  11 azure jellies
  22 frost giants
  A frost giant (shapeshifter) (Zig:2)
  3 revenants
  6 deep elf sorcerers
  An orc warlord (Depths:3)
  7 draconian shifters
  5 draconian knights
  7 ghost moths
  An imperial myrmidon (Desolation)
  8 iron dragons
  11 vault wardens
  5 draconian scorchers
  15 fire giants
  4 black suns (Pan)
  6 emperor scorpions
  4 curse skulls
  Louise (D:14)
  24 cacodemons
  6 deep elf elementalists
  An angel (Abyss:1)
  30 balrugs
  9 warmongers
  5 blood saints
  Aizul (Spider:2)
  2 spriggan defenders
  13 draconian annihilators
  An ophan (Abyss:4)
  5 draconian stormcallers
  120 reapers
  16 ironheart preservers
  35 very ugly things
  14 vampire knights
  27 stone giants
  25 war gargoyles
  6 entropy weavers
  A juggernaut zombie (Crypt:2)
  7 black draconians
  2 bennus (Tomb:2)
  13 green draconians
  19 lorocyprocas
  6 corrupters
  The ghost of Ribudoz the Blocker, a journeyman GnFi of Okawaru (Lair:5)
  17 red draconians
  8 deep elf demonologists
  11 deep elf annihilators
  2 halazid warlocks (Desolation)
  11 purple draconians
  11 spark wasps
  A spectral titan (D:15)
  13 yellow draconians
  A dire elephant (Zig:6)
  14 white draconians
  16 ettins
  6 deep elf death magi
  6 mummy priests
  37 small abominations
  17 fire dragons
  31 blizzard demons
  7 merfolk impalers
  5 death oozes
  8 quicksilver dragon zombies
  2 merfolk javelineers (Shoals:4)
  3 eidola
  4 crystal guardians
  6 ragged hierophants (Desolation)
  18 green deaths
  4 jiangshi
  22 yaktaur captains
  2 deep elf high priests
  14 rakshasas
  5 kraken zombies
  23 great orbs of eyes
  33 ice dragons
  A naga warrior (Abyss:1)
  2 caustic shrike simulacra (Depths:1)
  19 ogre magi
  7 hydras
  6 quicksilver dragon skeletons
  3 hell beasts
  7 monstrous demonspawn
  9 peacekeepers
  2 ghost crabs
  5 spriggan air magi
  A juggernaut simulacrum (Depths:1)
  7 servants of whispers (Desolation)
  2 alligator snapping turtles
  A catoblepas (Lair:5)
  3 merfolk avatars
  An anaconda (shapeshifter) (Depths:5)
  31 vault guards
  66 two-headed ogres
  15 centaur warriors
  5 merfolk aquamancers
  A queen ant (Spider:4)
  10 death knights
  A spectral sphinx (D:15)
  3 death yaks
  12 deep troll shamans
  17 tengu warriors
  14 dancing weapons
  2 satyrs
  16 death scarabs
  A spectral elf (D:15)
  41 hell hogs
  9 titan zombies
  2 orc high priests
  17 deep troll earth magi
  8 vampire magi
  21 thrashing horrors
  Sonja (D:11)
  3 shock serpents (Pan)
  5 storm dragon zombies
  7 spriggan berserkers
  48 soul eaters
  2 spectral storm dragons
  16 deep elf knights
  A spectral spriggan (Depths:1)
  3 titan skeletons
  12 iron trolls
  14 iron golems
  33 sun demons
  27 sixfirhies
  136 skeletal warriors
  21 wretched stars
  A salamander mystic (Depths:4)
  A death drake (Tar:2)
  A fire crab (shapeshifter) (Depths:1)
  81 hell knights
  6 spatial maelstroms
  25 shadow wraiths
  35 deep trolls
  27 shadow demons
  A deep troll (shapeshifter) (Depths:2)
  7 sea snakes
  12 storm dragon skeletons
  7 wizards
  3 ghost moth zombies
  9 infernal demonspawn
  15 anaconda zombies
  4 torturous demonspawn (Pan)
  23 flayed ghosts
  3 golden dragon zombies
  14 deep elf archers
  A sea snake (shapeshifter) (Elf:3)
  A spriggan druid (Zig:6)
  An orange crystal statue (Tomb:1)
  4 gelid demonspawn (Pan)
  32 phantasmal warriors
  A swamp dragon (Lair:6)
  6 unseen horrors
  10 glowing orange brains
  19 ironbrand convokers
  A swamp dragon (shapeshifter) (D:12)
  25 harpies
  5 golden dragon skeletons
  2 lindwurms (Lair:6)
  A sphinx zombie (Vaults:2)
  64 deep elf magi
  5 shadow dragon zombies
  5 iron dragon zombies
  15 anaconda skeletons
  13 orb spiders
  5 wolf spider zombies
  13 orc knights
  3 frost giant zombies
  17 manticores
  2 orc sorcerers
  9 stone giant zombies
  29 necromancers
  5 oklob plants (Lair:6)
  33 wolf spiders
  A shining eye (shapeshifter) (Depths:5)
  12 cyclopes
  6 shadow dragon skeletons
  3 salamanders (Depths:4)
  49 ugly things
  16 fire giant zombies
  2 salamanders (shapeshifter)
  7 stone giant skeletons
  6 fauns
  33 moths of wrath
  8 worldbinders
  9 shining eyes
  3 ice statues
  12 elephants
  12 merfolk sirens
  12 fire giant skeletons
  2 iron dragon skeletons
  3 black mambas
  6 water nymphs
  53 rust devils
  A shock serpent zombie (Geh:1)
  An eye of devastation (Slime:5)
  3 apocalypse crabs
  7 dire elephant zombies
  2 titan simulacra
  51 smoke demons
  4 torpor snails (Lair:6)
  7 molten gargoyles
  2 spiny frogs (shapeshifter)
  8 frost giant skeletons
  3 naga magi
  A storm dragon simulacrum (Coc:5)
  A torpor snail (shapeshifter) (D:15)
  A water nymph (shapeshifter) (D:12)
  A black mamba (shapeshifter) (Zig:5)
  8 guardian serpents
  31 orange demons
  10 vault sentinels
  7 dire elephant skeletons
  The ghost of Araneus the Cudgeler, a novice DsFi of Okawaru (D:6)
  9 spiny frogs
  A rime drake (shapeshifter) (Depths:4)
  5 gargoyles
  2 shock serpent skeletons
  39 hellions
  A death yak zombie (Crypt:1)
  A yaktaur (shapeshifter) (Abyss:1)
  2 emperor scorpion zombies
  A purple draconian zombie (Geh:4)
  5 catoblepas zombies
  60 freezing wraiths
  5 komodo dragons
  56 ice devils
  12 rime drakes
  20 efreet
  A komodo dragon (shapeshifter) (D:15)
  An alligator snapping turtle skeleton (Crypt:2)
  71 yaktaurs
  21 hellwings
  2 anaconda simulacra
  2 golden dragon simulacra (Depths:1)
  A red draconian zombie (Crypt:2)
  38 demonic crawlers
  A sea snake skeleton (Crypt:2)
  61 tormentors
  41 red devils
  A wolf spider simulacrum (Coc:5)
  A catoblepas skeleton (Coc:1)
  A jumping spider (shapeshifter) (Vaults:1)
  10 guardian mummies
  2 tengu conjurers
  14 hydra zombies
  14 trolls
  6 harpy zombies
  A polar bear (shapeshifter) (Depths:1)
  A queen bee (D:13)
  16 ancient zymes
  7 wind drakes
  22 jumping spiders
  31 merfolk
  14 polar bears
  5 silent spectres
  Prince Ribbit (D:7)
  3 meliai (D:13)
  4 tyrant leeches (Lair:6)
  3 shadow dragon simulacra
  79 slime creatures
  6 harpy skeletons
  11 hydra skeletons
  32 raiju
  28 hornets
  23 blink frogs
  2 blink frogs (shapeshifter)
  2 ice dragon zombies
  23 hippogriffs
  A death drake skeleton (Crypt:1)
  6 bog bodies
  7 fire dragon zombies
  6 dream sheep
  47 saltlings (Desolation)
  A raiju (shapeshifter) (Depths:2)
  3 stone giant simulacra
  2 fire giant simulacra
  24 ettin zombies
  9 alligator zombies
  A frost giant simulacrum (Vaults:3)
  A meliai zombie (D:14)
  12 snapping turtles
  A centaur simulacrum (D:14)
  7 spriggans
  223 flying skulls
  27 tarantellas
  7 fire dragon skeletons
  48 wraiths
  6 ice dragon skeletons
  5 black mamba zombies
  A redback (shapeshifter) (Depths:4)
  35 water elementals
  4 air elementals
  45 shadows
  A yak (shapeshifter) (Abyss:3)
  38 starcursed masses
  7 alligator skeletons
  A spriggan simulacrum (Depths:1)
  6 ushabtiu
  5 fire bats
  2 vampires
  2 elf simulacra (Depths:1)
  10 ettin skeletons
  58 redbacks
  2 tarantellas (shapeshifter)
  11 wyverns
  34 ynoxinuls
  13 basilisks
  40 yaks
  6 black mamba skeletons
  21 humans
  3 steam dragons
  3 hogs (shapeshifter)
  4 hogs
  18 golden eyes
  A basilisk (shapeshifter) (Elf:2)
  38 neqoxecs
  16 fire elementals
  2 golden eyes (shapeshifter)
  21 chaos spawn
  A yaktaur simulacrum (Vaults:2)
  9 vampire mosquitoes
  12 hungry ghosts
  A merfolk zombie (Dis:7)
  3 nagas (Abyss:1)
  7 wargs
  A swamp worm (shapeshifter) (Vaults:5)
  2 death yak simulacra (Lair:5)
  6 spatial vortices
  5 acid dragons
  4 hydra simulacra
  5 insubstantial wisps
  79 large abominations
  20 soldier ants
  96 hell hounds
  A merfolk skeleton (Pan)
  13 spiny frog zombies
  12 water moccasins
  5 porcupines
  3 eyes of draining
  4 floating eyes
  5 sky beasts
  24 ice beasts
  3 black bears
  5 swamp dragon zombies
  8 spiny frog skeletons
  55 orc warriors
  2 manticore zombies
  54 ogres
  39 necrophages
  16 boggarts
  7 snapping turtle zombies
  18 phantoms
  29 wolves
  4 black mamba simulacra (Lair:5)
  A tengu (shapeshifter) (Depths:2)
  14 centaurs
  A centaur (shapeshifter) (Depths:4)
  3 manticore skeletons
  4 big kobolds
  11 crocodiles
  7 snapping turtle skeletons
  3 swamp dragon skeletons
  16 bullfrogs
  A salamander skeleton (Crypt:1)
  An elf skeleton (Geh:5)
  6 earth elementals
  8 gnoll sergeants (Bailey)
  A water moccasin zombie (D:8)
  A wyvern zombie (D:12)
  3 spiny frog simulacra
  A wyvern skeleton (D:8)
  2 scorpions
  2 spriggan zombies
  A troll zombie (Tar:3)
  22 killer bees
  A killer bee (shapeshifter) (Vaults:5)
  A raiju skeleton (Crypt:2)
  132 wights
  8 electric eels
  A howler monkey (D:6)
  2 troll skeletons
  13 crimson imps
  7 quasits
  2 human simulacra
  4 human zombies
  36 orc wizards
  2 centaur zombies
  33 iron imps
  A wyvern simulacrum (D:12)
  7 centaur skeletons
  27 orc priests
  9 hounds
  9 jellies
  A porcupine zombie (Crypt:1)
  6 gnoll shamans (Bailey)
  4 iguanas
  28 worker ants
  A killer bee zombie (D:9)
  2 ogre zombies
  3 naga zombies
  A tengu zombie (Geh:4)
  2 ogre skeletons
  A naga skeleton (Tar:5)
  2 tengu skeletons (Geh:7)
  2 hound skeletons
  A hound zombie (D:8)
  36 mummies
  20 gnolls
  11 adders
  2 hound simulacra (D:6)
  36 shadow imps
  23 white imps
  A worker ant simulacrum (D:6)
  3 ufetubi
  An ooze (D:2)
  An adder skeleton (Crypt:1)
  A worm (D:2)
  2 ball lightnings (Pan)
  2 dart slugs
  7 leopard geckos
  150 orcs
  2 ball pythons
  4 giant cockroaches
  8 goblins
  8 hobgoblins
  8 jackals
  12 quokkas
  7 bats
  5 frilled lizards
  19 kobolds
  2 kobold skeletons
  A kobold zombie (Tar:3)
  A leopard gecko skeleton (Crypt:1)
  2 leopard gecko zombies
  An orc skeleton (Tar:1)
  An orc zombie (Tar:1)
  2 quokka zombies
  9 rats
  4 crawling corpses
  2 fungi
  5 plants
  20 starspawn tentacles
  13 tentacles
6217 creatures vanquished.

Vanquished Creatures (collateral kills)
  A pandemonium lord (Pan)
  A frost giant (IceCv)
  A two-headed ogre (D:8)
  3 death scarabs (Tomb:2)
  A sun demon (Pan)
  2 flying skulls (Tomb:2)
  A ynoxinul (Pan)
  An orc warrior (D:8)
  An orc wizard (D:8)
  An orc (D:8)
13 creatures vanquished.

Vanquished Creatures (others)
  A shard shrike (Coc:6)
  2 eldritch tentacles (Pan)
  A storm dragon (Pan)
  3 elemental wellsprings (Coc:7)
  A blood saint (Pan)
  A reaper (Dis:7)
  2 blizzard demons
  A hell hog (Geh:5)
  A spectral elf (Depths:1)
  A titan zombie (Coc:7)
  A deep elf knight (Elf:1)
  A wretched star (Abyss:3)
  A spatial maelstrom (Abyss:4)
  A wizard (Depths:2)
  A harpy (Shoals:2)
  2 smoke demons (Pan)
  A hellwing (Pan)
  A large abomination (Abyss:1)
  A raiju (Abyss:4)
  3 flying skulls
  A shadow (Geh:3)
  A golden eye (Abyss:4)
  A chaos spawn (Abyss:4)
  A spiny frog skeleton (Geh:6)
  2 ogres (Orc:2)
  3 small abominations (Abyss:4)
  A wight (Geh:1)
  2 iron imps
  A centaur skeleton (Geh:3)
  2 white imps (Coc:7)
  An ufetubus (Abyss:1)
  2 ball lightnings (Pan)
  A crawling corpse (Elf:3)
  4 demonic plants (Pan)
  A lurking horror (Abyss:4)
  19 plants
  46 starspawn tentacles
  31 tentacles
  6 withered plants (Crypt:3)
153 creatures vanquished.

Grand Total: 6383 creatures vanquished

Notes
Turn   | Place    | Note
-------+----------+-------------------------------------------
     0 | D:1      | OdinFK the Halfling Hunter began the quest for the Orb.
     0 | D:1      | Reached XP level 1. HP: 14/14 MP: 1/1
   143 | D:1      | Reached XP level 2. HP: 19/19 MP: 2/2
   290 | D:1      | Reached XP level 3. HP: 20/24 MP: 3/3
   701 | D:2      | Found an opulent altar of Gozag.
   802 | D:1      | Reached XP level 4. HP: 23/29 MP: 4/4
  1271 | D:2      | Found a burning altar of Makhleb.
  1490 | D:2      | Reached XP level 5. HP: 34/34 MP: 5/5
  1715 | D:3      | Noticed an ogre
  1716 | D:3      | Found a transporter.
  1717 | D:3      | Noticed an ogre
  1717 | D:3      | Noticed Clowwww's ghost (amateur DsAK)
  1723 | D:3      | Found a transporter.
  1774 | D:3      | Reached skill level 1 in Short Blades
  1804 | D:3      | Found a transporter.
  1824 | D:3      | Found a transporter.
  1898 | D:3      | Found a shimmering blue altar of Sif Muna.
  2625 | D:4      | Reached XP level 6. HP: 41/41 MP: 6/6
  2658 | D:4      | Noticed a phantom
  2859 | D:4      | Reached skill level 1 in Armour
  2898 | D:4      | Found a blossoming altar of Fedhas.
  3171 | D:5      | Entered Level 5 of the Dungeon
  3193 | D:5      | Got a scorched leather armour
  3204 | D:5      | Identified the +2 leather armour of Xuthudes {rC+ Dex+3}
                  | (You found it on level 5 of the Dungeon)
  3268 | D:5      | Got a faintly glowing robe
  3277 | D:5      | Noticed a sky beast
  3298 | D:5      | Killed a sky beast
  3389 | D:5      | Reached XP level 7. HP: 37/46 MP: 7/7
  3458 | D:5      | Reached skill level 10 in Slings
  3558 | D:5      | Found a staircase to the Ecumenical Temple.
  3567 | Temple   | Entered the Ecumenical Temple
  3771 | Temple   | Became a worshipper of Nemelex Xobeh the Trickster
  3816 | D:5      | Found a snail-covered altar of Cheibriados.
  4177 | D:5      | Received a gift from Nemelex Xobeh
  4203 | D:5      | Reached skill level 1 in Invocations
  4650 | D:5      | Reached XP level 8. HP: 54/54 MP: 9/9
  4885 | D:6      | Found a shattered altar of Ashenzari.
  5170 | D:6      | Reached * piety under Nemelex Xobeh
  5202 | D:6      | Noticed Araneus's ghost (novice DsFi)
  5250 | D:6      | Found a runed translucent gate.
  5250 | D:6      | Found a runed translucent gate.
  5250 | D:6      | Found a runed translucent gate.
  5392 | D:6      | Killed Araneus's ghost
  5392 | D:6      | Reached XP level 9. HP: 44/60 MP: 10/10
  5722 | D:6      | Reached skill level 5 in Fighting
  5943 | D:7      | Noticed a hippogriff
  5955 | D:7      | Killed a hippogriff
  6258 | D:7      | Reached XP level 10. HP: 65/68 MP: 11/11
  6498 | D:7      | Identified the cursed +1 trident "Spiderbane" {vorpal,
                  | Str+3 Int+4 Dex+2}
  6622 | D:7      | Reached ** piety under Nemelex Xobeh
  6631 | D:7      | Noticed Prince Ribbit
  6676 | D:7      | Killed Prince Ribbit
  6834 | D:6      | Reached skill level 5 in Dodging
  7150 | D:8      | Reached skill level 5 in Armour
  7321 | D:8      | Reached skill level 15 in Slings
  7474 | D:8      | Received a gift from Nemelex Xobeh
  7493 | D:8      | Found a staircase to the Lair.
  7729 | D:8      | Received a gift from Nemelex Xobeh
  7893 | D:8      | Noticed a two-headed ogre
  7941 | D:8      | Found Wiomok's Weapon Shoppe.
  7942 | D:8      | You fall into a shaft and drop 2 floors!
  7942 | D:10     | Entered Level 10 of the Dungeon
  7995 | D:10     | Reached XP level 11. HP: 77/77 MP: 13/13
  8009 | D:10     | Reached *** piety under Nemelex Xobeh
  8112 | D:9      | Found a radiant altar of Vehumet.
  8174 | D:9      | Found Zin's Purification Station.
  8174 | D:9      | Found a glowing silver altar of Zin.
  8181 | D:9      | Bought a potion of curing for 90 gold pieces
  8304 | D:8      | Found a shimmering altar of Xom.
  8306 | D:8      | Found a shimmering blue altar of Sif Muna.
  8306 | D:8      | Found an ornate altar of the Wu Jian Council.
  8308 | D:8      | Found a basalt altar of Yredelemnul.
  8308 | D:8      | Found a shadowy altar of Dithmenos.
  8308 | D:8      | Found an ornate altar of the Wu Jian Council.
  8383 | D:8      | Found a hazy altar of Hepliaklqana.
  8448 | D:8      | Identified the -1 hand axe "Rizudoc" {venom, +Rage rElec
                  | rC+}
  8459 | D:8      | Killed a two-headed ogre
  8689 | D:9      | Noticed a two-headed ogre
  8852 | D:9      | Reached skill level 5 in Short Blades
  9070 | D:9      | Received a gift from Nemelex Xobeh
  9472 | D:9      | Found a sacrificial altar of Ru.
  9506 | D:9      | Killed a two-headed ogre
  9618 | Lair:1   | Entered Level 1 of the Lair of Beasts
 10153 | Lair:1   | Reached **** piety under Nemelex Xobeh
 10199 | Lair:1   | Reached XP level 12. HP: 62/87 MP: 14/14
 10220 | Lair:1   | Reached skill level 10 in Fighting
 10269 | Lair:1   | Got a shimmering silver ring
 10271 | Lair:1   | Identified the ring of Xom's Recklessness {rC+ MR+ AC+4}
                  | (You found it on level 1 of the Lair of Beasts)
 10351 | Lair:1   | Noticed a six-headed hydra
 10975 | Lair:1   | Received a gift from Nemelex Xobeh
 11415 | Lair:2   | Got a brightly glowing golden amulet
 11417 | Lair:2   | Identified the amulet of Xiritadau {RegenMP rF+ rN+} (You
                  | found it on level 2 of the Lair of Beasts)
 11609 | Lair:2   | Got a twisted robe
 11756 | Lair:2   | Found a staircase to the Shoals.
 11868 | Lair:2   | Found a hole to the Spider Nest.
 12193 | Lair:3   | Found a frozen archway.
 12205 | IceCv    | Entered an ice cave
 12500 | IceCv    | Noticed a death yak
 12538 | IceCv    | Killed a death yak
 12689 | IceCv    | Reached XP level 13. HP: 72/95 MP: 16/16
 13688 | IceCv    | Noticed a frost giant
 14060 | IceCv    | Killed a frost giant
 14263 | Lair:3   | Identified the +0 robe "Imewk" {-Tele Harm *Corrode rF+++}
                  | (You found it on level 2 of the Lair of Beasts)
 14280 | Lair:3   | Identified the +5 robe of the Five Emperors {Harm} (You
                  | found it on level 5 of the Dungeon)
 14304 | Lair:3   | Reached ***** piety under Nemelex Xobeh
 14304 | Lair:3   | Received a gift from Nemelex Xobeh
 14933 | Lair:3   | Received a gift from Nemelex Xobeh
 14992 | Lair:4   | Noticed an eight-headed hydra
 14999 | Lair:4   | Killed an eight-headed hydra
 15463 | Lair:4   | Received a gift from Nemelex Xobeh
 15479 | Lair:4   | Got a scorched cloak
 15490 | Lair:4   | Identified the +0 cloak of Absence {Str+6} (You found it on
                  | level 4 of the Lair of Beasts)
 15924 | Lair:5   | Received a gift from Nemelex Xobeh
 16010 | Lair:5   | Reached XP level 14. HP: 106/106 MP: 17/17
 16034 | Lair:5   | Reached skill level 1 in Shields
 16405 | Lair:5   | Received a gift from Nemelex Xobeh
 16534 | Lair:5   | Found a runed translucent gate.
 16534 | Lair:5   | Found a runed translucent gate.
 16534 | Lair:5   | Found a runed translucent gate.
 16625 | Lair:5   | Noticed Ribudoz's ghost (journeyman GnFi)
 16828 | Lair:5   | Killed Ribudoz's ghost
 16893 | Lair:5   | Got the ring "Uqileuv" {Fire}
 17456 | D:10     | Reached skill level 5 in Shields
 17663 | D:10     | Received a gift from Nemelex Xobeh
 18078 | D:10     | Reached ****** piety under Nemelex Xobeh
 18129 | D:10     | You fall into a shaft and drop 1 floor!
 18394 | D:10     | Found a staircase to the Orcish Mines.
 18425 | D:11     | Noticed Sonja
 18544 | D:11     | Got a smelly plate armour
 18555 | D:11     | Identified the +2 plate armour "Dyffuots" {-Cast MR++
                  | Regen+ rCorr} (You found it on level 11 of the Dungeon)
 18571 | D:11     | Received a gift from Nemelex Xobeh
 19028 | D:11     | Killed Sonja
 19479 | D:12     | Found a flagged portal.
 19515 | Bailey   | Entered a bailey
 19829 | Bailey   | Got a dazzling scimitar
 20152 | D:12     | Identified the cursed +1 scimitar "Trog's Scorn" {drain,
                  | Str+3 SInv Stlth+} (You found it in a bailey)
 20378 | D:12     | Noticed a tengu reaver
 20863 | D:12     | Identified the ring "Uchetuck" {rElec rC+ Int+3 SInv
                  | Stlth+}
 20950 | D:12     | Noticed a sphinx
 21144 | D:12     | Killed a sphinx
 21144 | D:12     | Reached XP level 15. HP: 106/113 MP: 18/18
 21322 | D:8      | Bought the +3 sling "Punk" {acid, rCorr} for 781 gold
                  | pieces
 21322 | D:8      | Found the +3 sling "Punk" {acid, rCorr}
 21432 | D:13     | Received a gift from Nemelex Xobeh
 21673 | D:13     | Received a gift from Nemelex Xobeh
 22118 | D:13     | Reached skill level 10 in Armour
 22287 | D:13     | Found a gate to the Vaults.
 22588 | D:14     | Found a stormy altar of Qazlal.
 22638 | D:14     | Found Ragrabef's Antique Weapon Boutique.
 22723 | D:14     | Received a gift from Nemelex Xobeh
 22728 | D:14     | Noticed Louise
 22738 | D:14     | Killed Louise
 22950 | D:14     | Noticed a tengu reaver
 22972 | D:14     | Killed a tengu reaver
 23015 | D:14     | Found the ring of Phasing {EV+8}
 23314 | D:14     | Found Notaomo's General Store.
 23323 | D:14     | Bought a scroll of identify for 36 gold pieces
 23411 | D:14     | Reached skill level 5 in Invocations
 23584 | D:14     | Found a portal to a secret trove of treasure.
 23988 | Lair:6   | Entered Level 6 of the Lair of Beasts
 24070 | Lair:6   | Received a gift from Nemelex Xobeh
 24221 | Lair:6   | Reached XP level 16. HP: 119/119 MP: 19/19
 24604 | Lair:6   | Found a runed translucent door.
 24733 | Lair:6   | Reached skill level 10 in Dodging
 24937 | Lair:6   | Found a staircase to the Slime Pits.
 25042 | Lair:6   | Received a gift from Nemelex Xobeh
 25138 | Lair:6   | Received a gift from Nemelex Xobeh
 26093 | Spider:1 | Entered Level 1 of the Spider Nest
 26768 | Spider:2 | Received a gift from Nemelex Xobeh
 27002 | Spider:2 | Noticed Aizul
 27014 | Spider:2 | Killed Aizul
 27022 | Spider:2 | Received a gift from Nemelex Xobeh
 27759 | Spider:3 | Received a gift from Nemelex Xobeh
 28006 | Spider:4 | Entered Level 4 of the Spider Nest
 28037 | Spider:4 | Reached XP level 17. HP: 124/126 MP: 21/21
 28081 | Spider:4 | Reached skill level 15 in Fighting
 30226 | Spider:4 | Reached XP level 18. HP: 135/135 MP: 23/23
 30383 | Spider:4 | Got a gossamer rune of Zot
 30668 | Shoals:1 | Entered Level 1 of the Shoals
 30770 | Shoals:1 | Received a gift from Nemelex Xobeh
 31265 | Shoals:1 | Noticed a kraken
 31298 | Shoals:1 | Killed a kraken
 31408 | Shoals:1 | Received a gift from Nemelex Xobeh
 31801 | Shoals:2 | Received a gift from Nemelex Xobeh
 32063 | Shoals:2 | Received a gift from Nemelex Xobeh
 32309 | Shoals:2 | Received a gift from Nemelex Xobeh
 32635 | Shoals:3 | Found a transporter.
 32637 | Shoals:3 | Noticed Iruul's ghost (adept MiFi)
 32895 | Shoals:3 | Received a gift from Nemelex Xobeh
 33119 | Shoals:3 | Found a transporter.
 33229 | Shoals:4 | Entered Level 4 of the Shoals
 33474 | Shoals:4 | Reached XP level 19. HP: 143/143 MP: 24/24
 33518 | Shoals:4 | Received a gift from Nemelex Xobeh
 33626 | Shoals:4 | Got a brightly glowing tin ring
 33628 | Shoals:4 | Identified the ring "Zinwac" {MR+ Str+4 Dex+6} (You found
                  | it on level 4 of the Shoals)
 34634 | Shoals:4 | Got a barnacled rune of Zot
 34948 | Vaults:1 | Entered Level 1 of the Vaults
 35231 | Vaults:1 | Received a gift from Nemelex Xobeh
 35567 | Vaults:1 | Received a gift from Nemelex Xobeh
 36653 | Vaults:2 | Reached XP level 20. HP: 120/153 MP: 25/25
 36805 | Vaults:2 | Found a ruined gateway.
 36805 | Vaults:2 | Received a gift from Nemelex Xobeh
 36838 | Desolati | Entered the Desolation of Salt
 37407 | Desolati | Got a spiked scale mail
 37493 | Desolati | Got a scintillating pewter ring
 37495 | Desolati | Got a smoking iron amulet
 37497 | Desolati | Got a faintly glowing mace
 37726 | Desolati | Received a gift from Nemelex Xobeh
 37976 | Desolati | Reached skill level 10 in Shields
 38125 | Desolati | Identified the Almanac of Assistive Dark Rituals
 38130 | Desolati | Identified Raphoicydd's Compendium of Cynicism
 38133 | Desolati | Got a scorched pewter ring
 38134 | Desolati | Identified Jualaxut's Almanac of Unholy Rites and
                  | Translocation
 38193 | Desolati | Identified the Almanac of Creative Displacement
 38196 | Desolati | Identified the Papyrus of Feathery Ice
 38199 | Desolati | Got an ichor-stained short sword
 38394 | Vaults:2 | Identified the +4 mace of Mandamus {holy, SInv Stlth+} (You
                  | found it in the Desolation of Salt)
 38396 | Vaults:2 | Identified the +8 short sword of the End of Times {vorpal,
                  | SInv} (You found it in the Desolation of Salt)
 38408 | Vaults:2 | Identified the +5 scale mail "Muoczyt" {+Fly rC+ rN++
                  | Str+2} (You found it in the Desolation of Salt)
 38431 | Vaults:2 | Identified the amulet "Sovool" {Spirit +Blink Int+4} (You
                  | found it in the Desolation of Salt)
 38435 | Vaults:2 | Identified the ring "Zotwung" {*Slow Dex+6 Slay+3 SInv
                  | Stlth+} (You found it in the Desolation of Salt)
 38437 | Vaults:2 | Identified the ring of Fam Sobb {rF+ Stlth-} (You found it
                  | in the Desolation of Salt)
 39097 | Vaults:2 | Reached XP level 21. HP: 149/160 MP: 27/27
 39155 | Vaults:2 | Received a gift from Nemelex Xobeh
 39477 | Vaults:2 | Reached skill level 15 in Armour
 39520 | Vaults:2 | Received a gift from Nemelex Xobeh
 40014 | Vaults:3 | Received a gift from Nemelex Xobeh
 40527 | Vaults:3 | Got a fine scale mail
 40538 | Vaults:3 | Identified the +6 scale mail "Evvoerih" {Harm *Drain rN++
                  | Int+4} (You found it on level 3 of the Vaults)
 41312 | Vaults:3 | Found a staircase to the Crypt.
 41312 | Vaults:3 | Found a basalt altar of Yredelemnul.
 41312 | Vaults:3 | Found an ancient bone altar of Kikubaaqudgha.
 41951 | Vaults:4 | Reached skill level 15 in Dodging
 42066 | Vaults:4 | Received a gift from Nemelex Xobeh
 42187 | Vaults:4 | Noticed Xtahua
 42199 | Vaults:4 | Killed Xtahua
 42280 | Vaults:4 | Reached XP level 22. HP: 168/168 MP: 28/28
 42614 | Vaults:4 | Received a gift from Nemelex Xobeh
 42902 | Vaults:4 | Found Miovoyqa's Gadget Emporium.
 43560 | Orc:1    | Entered Level 1 of the Orcish Mines
 43615 | Orc:1    | You fall into a shaft and drop 1 floor!
 43615 | Orc:2    | Entered Level 2 of the Orcish Mines
 43663 | Orc:2    | Found a staircase to the Elven Halls.
 43688 | Orc:2    | Received a gift from Nemelex Xobeh
 44227 | Orc:1    | Received a gift from Nemelex Xobeh
 44434 | Orc:2    | Found a roughly hewn altar of Beogh.
 44568 | Orc:2    | Found Qoameav's Antique Weapon Boutique.
 44690 | Orc:2    | Found Izit's Armour Shop.
 44698 | Orc:2    | Found Foth's Antique Weapon Shoppe.
 44710 | Orc:2    | Bought a transparent hunting sling for 195 gold pieces
 44718 | Orc:2    | Found Mug Mahu's Antique Weapon Emporium.
 44730 | Orc:2    | Found Geidwad's Food Shop.
 44733 | Orc:2    | Bought a scorched hunting sling for 214 gold pieces
 45097 | D:10     | Identified the +3 hunting sling of the Rattlesnake {venom,
                  | Str+3} (You bought it in a shop on level 2 of the Orcish
                  | Mines)
 45099 | D:10     | Identified the +3 hunting sling "Morphaopu" {freeze, rElec}
                  | (You bought it in a shop on level 2 of the Orcish Mines)
 45393 | D:14     | Bought a scroll of fear for 63 gold pieces
 45393 | D:14     | Bought 10 stones for 18 gold pieces
 45393 | D:14     | Bought 18 stones for 32 gold pieces
 45393 | D:14     | Bought 24 stones for 43 gold pieces
 45416 | D:15     | Entered Level 15 of the Dungeon
 45461 | D:15     | Identified Roxanne's Tome of Clay
 45461 | D:15     | Noticed Roxanne
 45477 | D:15     | Killed Roxanne
 45627 | D:15     | Received a gift from Nemelex Xobeh
 46235 | D:15     | Found a staircase to the Depths.
 46431 | Depths:1 | Entered Level 1 of the Depths
 46431 | Depths:1 | Received a gift from Nemelex Xobeh
 46576 | Depths:1 | Reached XP level 23. HP: 146/176 MP: 29/29
 46959 | Depths:1 | Found a gateway to Hell.
 47406 | Depths:1 | Found a gateway to a ziggurat.
 47538 | Depths:1 | Found a runed translucent gate.
 47538 | Depths:1 | Found a runed translucent gate.
 47539 | Depths:1 | Found a runed translucent gate.
 47653 | Depths:1 | Noticed Clowwww's ghost (adept MiFi)
 48011 | D:15     | Killed Clowwww's ghost
 48238 | Depths:1 | Got an encrusted cloak
 48249 | Depths:1 | Identified the +1 cloak of the Dwarven Hall {Slay+4} (You
                  | found it on level 1 of the Depths)
 48413 | Depths:1 | Received a gift from Nemelex Xobeh
 48984 | Depths:1 | Noticed Sojobo
 49023 | Depths:1 | Killed Sojobo
 49023 | Depths:1 | Reached XP level 24. HP: 127/184 MP: 29/29
 49647 | Depths:1 | Reached skill level 27 in Slings
 50031 | Depths:2 | Received a gift from Nemelex Xobeh
 50264 | Depths:2 | Received a gift from Nemelex Xobeh
 50415 | Depths:2 | Found a snail-covered altar of Cheibriados.
 50417 | Depths:2 | Found a hide-covered altar of Uskayaw.
 50427 | Depths:2 | Found a white marble altar of Elyvilon.
 50427 | Depths:2 | Found a white marble altar of Elyvilon.
 50504 | Depths:2 | Noticed a golden dragon
 50612 | Depths:2 | You fall into a shaft and drop 2 floors!
 50933 | Depths:3 | Got a flickering marble ring
 50937 | Depths:3 | Identified the cursed ring "Aroopock" {rPois rC- Int-4
                  | Slay+3} (You found it on level 3 of the Depths)
 51284 | Depths:3 | Found a one-way gate leading to the halls of Pandemonium.
 51300 | Depths:3 | Identified Magic, Part Six
 51328 | Depths:3 | Received a gift from Nemelex Xobeh
 51419 | Depths:2 | Identified the +1 long sword of the Enchanted Forest {pain,
                  | Str+4 Dex+3}
 51829 | Depths:2 | Noticed a caustic shrike
 51844 | Depths:2 | Killed a caustic shrike
 51844 | Depths:2 | Reached XP level 25. HP: 142/192 MP: 29/29
 51870 | Depths:2 | Noticed a caustic shrike
 51875 | Depths:2 | Killed a caustic shrike
 52036 | Depths:2 | Noticed a juggernaut
 52051 | Depths:2 | Killed a juggernaut
 52338 | Depths:2 | Found a one-way gate to the infinite horrors of the Abyss.
 52584 | Depths:3 | Got a smoking ivory ring
 52588 | Depths:3 | Identified the ring "Xovept" {MR- MP+9 Str+2 Int+6} (You
                  | found it on level 3 of the Depths)
 52933 | Depths:3 | Received a gift from Nemelex Xobeh
 53447 | Depths:3 | Got a scorched iron ring
 53449 | Depths:3 | Identified the ring of the Hart {rCorr Dex+5} (You found it
                  | on level 3 of the Depths)
 53870 | Depths:4 | Received a gift from Nemelex Xobeh
 54572 | Depths:4 | Noticed a juggernaut
 54594 | Depths:4 | Killed a juggernaut
 54596 | Depths:4 | Reached XP level 26. HP: 174/202 MP: 29/29
 54632 | Depths:4 | Received a gift from Nemelex Xobeh
 54739 | Depths:4 | Reached skill level 15 in Shields
 55126 | Depths:4 | Received a gift from Nemelex Xobeh
 55351 | Depths:5 | Entered Level 5 of the Depths
 55386 | Depths:5 | Received a gift from Nemelex Xobeh
 56087 | Depths:5 | Noticed Saint Roka
 56108 | Depths:5 | Killed Saint Roka
 56383 | Depths:5 | Found Maituypi's Gadget Boutique.
 56662 | Depths:5 | Received a gift from Nemelex Xobeh
 56995 | Depths:5 | Found a gate to the Realm of Zot.
 57050 | Depths:5 | Reached XP level 27. HP: 209/209 MP: 29/29
 57527 | Slime:1  | Entered Level 1 of the Pits of Slime
 57789 | Slime:3  | Received a gift from Nemelex Xobeh
 58168 | Slime:5  | Entered Level 5 of the Pits of Slime
 58336 | Slime:5  | Received a gift from Nemelex Xobeh
 58543 | Slime:5  | Gained mutation: [Your body sometimes deteriorates upon
                  | taking damage.] [a shining eye]
 58740 | Slime:5  | Noticed the Royal Jelly
 59107 | Slime:5  | Received a gift from Nemelex Xobeh
 59446 | Slime:5  | Found a viscous altar of Jiyva.
 59575 | Slime:5  | Killed the Royal Jelly
 60093 | Slime:5  | Found the +6 shillelagh "Devastator" {shatter}
 60101 | Slime:5  | Got a vibrating brass amulet
 60138 | Slime:5  | Found the +0 staff of Battle
 60181 | Slime:5  | Got a slimy rune of Zot
 60198 | Slime:5  | Got a crude scale mail
 60209 | Slime:5  | Identified the +1 scale mail of the Hills {rElec MR+
                  | Slay+5} (You found it on level 5 of the Pits of Slime)
 61079 | Vaults:5 | Entered Level 5 of the Vaults
 61094 | Vaults:5 | Noticed an ancient lich
 61410 | Vaults:5 | Identified the +4 morningstar of Cudghoh {vorpal, *Rage
                  | rPois MR+++ Int-4}
 61628 | Vaults:5 | Identified the ring of Immorality {rElec Stlth-}
 61665 | Vaults:5 | Got a silver rune of Zot
 61669 | Vaults:5 | Identified the Collected Works on Flying Ice
 62031 | Vaults:5 | Identified the cursed +1 robe of the Bulwark {Int+2}
 62044 | Vaults:5 | Killed an ancient lich
 62924 | Vaults:5 | Received a gift from Nemelex Xobeh
 63531 | Vaults:5 | Identified the +8 hunting sling of the Sage {freeze, MR+
                  | Int+3}
 63720 | Vaults:5 | Identified the amulet of the Genius {Inacc Fragile MR-
                  | Str+3 Int+10} (You found it on level 5 of the Pits of
                  | Slime)
 63907 | Vaults:5 | Received a gift from Nemelex Xobeh
 64338 | D:14     | Got a bone rapier
 64339 | D:14     | Identified the cursed +0 rapier of the People {distort,
                  | *Noise Str+3 Dex+2 Stlth+} (You found it on level 14 of the
                  | Dungeon)
 64905 | Shoals:3 | Killed Iruul's ghost
 65209 | Shoals:3 | Got a coiled platinum ring
 65267 | Shoals:3 | Identified the ring "Olual" {AC+4 SInv} (You found it on
                  | level 3 of the Shoals)
 65691 | Depths:4 | Got a twisted chain mail
 65702 | Depths:4 | Identified the +0 chain mail "Qockolestrey" {rPois Str-5
                  | Int+10 Dex-5} (You found it on level 4 of the Depths)
 65887 | Depths:4 | Voluntarily entered the Abyss.
 66033 | Abyss:3  | Found a corrupted altar of Lugonu.
 66395 | Abyss:4  | Received a gift from Nemelex Xobeh
 66849 | Abyss:4  | Noticed an ancient lich
 66898 | Abyss:4  | Killed an ancient lich
 67006 | Abyss:4  | Received a gift from Nemelex Xobeh
 67480 | Abyss:4  | Reached skill level 5 in Stealth
 67590 | Abyss:4  | Reached skill level 10 in Short Blades
 67600 | Abyss:4  | Gained mutation: [You tend to lose your temper in combat.]
                  | [a neqoxec]
 67776 | Abyss:4  | Paralysed by accursed screaming for 1 turns
 67778 | Abyss:4  | HP: 1/216 [lich/crystal spear (77)]
 67781 | Abyss:4  | Paralysed by accursed screaming for 1 turns
 67784 | Abyss:4  | Paralysed by accursed screaming for 1 turns
 67899 | Abyss:4  | Got an abyssal rune of Zot
 67930 | Depths:4 | Escaped the Abyss
 67931 | Depths:4 | Lost mutation: [You tend to lose your temper in combat.]
                  | [potion of mutation]
 67931 | Depths:4 | Gained mutation: [Your spells are a little easier to cast,
                  | but a little less powerful.] [potion of mutation]
 68165 | D:14     | You paid a toll of 7 scrolls of fear to enter a treasure
                  | trove
 68166 | Trove    | Entered a treasure trove
 68172 | Trove    | Got a jewelled cloak
 68186 | Trove    | Got a warped plate armour
 68309 | D:14     | Identified the +4 plate armour "Paqen" {MP+9} (You found it
                  | in a treasure trove)
 68330 | D:14     | Identified the +0 cloak of Fun and Games {rC+ Str+2} (You
                  | found it in a treasure trove)
 68611 | Pan      | Entered Pandemonium
 68869 | Pan      | Received a gift from Nemelex Xobeh
 68925 | Pan      | Noticed Leletsal the pandemonium lord
 69207 | Pan      | Killed Leletsal the pandemonium lord
 69585 | Pan      | Got a demonic rune of Zot
 70748 | Pan      | Received a gift from Nemelex Xobeh
 70816 | Pan      | Gained mutation: Potions are less effective at restoring
                  | your health. [a neqoxec]
 70829 | Pan      | Lost mutation: [Your body sometimes deteriorates upon
                  | taking damage.] [potion of mutation]
 70829 | Pan      | Lost mutation: [Your spells are a little easier to cast,
                  | but a little less powerful.] [potion of mutation]
 70829 | Pan      | Lost mutation: Potions are less effective at restoring your
                  | health. [potion of mutation]
 71569 | Pan      | Received a gift from Nemelex Xobeh
 71658 | Pan      | Found an exit through the horrors of the Abyss.
 71834 | Pan      | Noticed Ovveev the pandemonium lord
 71881 | Pan      | Killed Ovveev the pandemonium lord
 71914 | Pan      | Received a gift from Nemelex Xobeh
 72593 | Pan      | Received a gift from Nemelex Xobeh
 72905 | Pan      | Took an exit into the Abyss.
 72905 | Abyss:1  | Escaped into the Abyss
 73106 | Abyss:1  | Paralysed by accursed screaming for 1 turns
 73258 | Depths:3 | Escaped the Abyss
 73369 | Zot:1    | Entered Level 1 of the Realm of Zot
 73445 | Depths:5 | Reached skill level 10 in Stealth
 73852 | Zot:1    | Received a gift from Nemelex Xobeh
 74448 | Zot:2    | Received a gift from Nemelex Xobeh
 74993 | Zot:2    | Received a gift from Nemelex Xobeh
 75184 | Zot:2    | Reached skill level 15 in Short Blades
 75722 | Zot:3    | Received a gift from Nemelex Xobeh
 76001 | Zot:3    | Received a gift from Nemelex Xobeh
 76893 | Zot:3    | Received a gift from Nemelex Xobeh
 77264 | Zot:3    | Noticed an ancient lich
 77615 | Zot:5    | Entered Level 5 of the Realm of Zot
 78944 | Zot:4    | Got a slimy broad axe
 78945 | Zot:4    | Identified the +7 broad axe "Kugaenog" {freeze, Str+5
                  | Stlth-} (You found it on level 4 of the Realm of Zot)
 79110 | Zot:4    | Received a gift from Nemelex Xobeh
 80124 | Zot:4    | Killed an ancient lich
 80609 | Zot:5    | Received a gift from Nemelex Xobeh
 80881 | Pan      | Entered Pandemonium
 81026 | Pan      | Learned a level 1 spell: Apportation
 81218 | Pan      | Reached skill level 1 in Translocations
 81300 | Pan      | Received a gift from Nemelex Xobeh
 81529 | Pan      | Found an exit through the horrors of the Abyss.
 81546 | Pan      | Received a gift from Nemelex Xobeh
 81603 | Pan      | Reached skill level 27 in Fighting
 81603 | Pan      | Reached skill level 1 in Spellcasting
 81727 | Pan      | Noticed Paomisie the pandemonium lord
 81764 | Pan      | Killed Paomisie the pandemonium lord
 82010 | Pan      | Got a twisted leather armour
 82011 | Pan      | Identified the cursed +1 leather armour of Hide-and-Seek
                  | {Regen+} (You found it in Pandemonium)
 82035 | Pan      | Entered the realm of Gloorx Vloq.
 82363 | Pan      | Found an exit through the horrors of the Abyss.
 83228 | Pan      | Noticed Gloorx Vloq
 83251 | Pan      | Got a dark rune of Zot
 83611 | Pan      | Received a gift from Nemelex Xobeh
 83909 | Pan      | Received a gift from Nemelex Xobeh
 83948 | Pan      | Noticed Paqesuh the pandemonium lord
 84169 | Pan      | Entered the realm of Lom Lobon.
 84170 | Pan      | Noticed Lom Lobon
 85837 | Pan      | Killed Lom Lobon
 85939 | Pan      | Got a magical rune of Zot
 86349 | Pan      | Entered the realm of Mnoleg.
 86681 | Pan      | Noticed Mnoleg
 86725 | Pan      | Killed Mnoleg
 86974 | Pan      | Gained mutation: [You are clumsy. (Dex -2)] [a neqoxec]
 87017 | Pan      | Gained mutation: [Your body sometimes deteriorates upon
                  | taking damage.] [a cacodemon]
 87027 | Pan      | Received a gift from Nemelex Xobeh
 87353 | Pan      | Got a glittering amber ring
 87354 | Pan      | Identified the ring of Qodumich {Fire Str-2 Int+6 Dex-5
                  | Stlth+} (You found it in Pandemonium)
 87399 | Pan      | Got a glowing rune of Zot
 87401 | Pan      | Lost mutation: [You are clumsy. (Dex -2)] [potion of
                  | mutation]
 87401 | Pan      | Lost mutation: [Your body sometimes deteriorates upon
                  | taking damage.] [potion of mutation]
 87471 | Pan      | Learned a level 4 spell: Passage of Golubria
 87559 | Pan      | Found an exit through the horrors of the Abyss.
 87882 | Pan      | Gained mutation: Your flesh is cold resistant. (rC+) [a
                  | cacodemon]
 88193 | Pan      | Entered the realm of Cerebov.
 88223 | Pan      | Received a gift from Nemelex Xobeh
 88322 | Pan      | Identified the +6 sword of Cerebov {flame}
 88322 | Pan      | Noticed Cerebov
 88372 | Pan      | Got a shimmering war axe
 88373 | Pan      | Identified the +7 war axe "Soqa" {vorpal, rF++ MR+ Str-3}
                  | (You found it in Pandemonium)
 88489 | Pan      | Identified the Collected Works on Heat
 88734 | Pan      | Identified the Papyrus of Fiery Clay
 88951 | Pan      | Got a fiery rune of Zot
 89659 | Pan      | Found an exit through the horrors of the Abyss.
 90007 | Pan      | Took an exit into the Abyss.
 90007 | Abyss:1  | Escaped into the Abyss
 90041 | Abyss:1  | Found a corrupted altar of Lugonu.
 90072 | Abyss:1  | Received a gift from Nemelex Xobeh
 90107 | Abyss:1  | Reached skill level 15 in Stealth
 90128 | Depths:3 | Escaped the Abyss
 90364 | Elf:1    | Entered Level 1 of the Elven Halls
 90429 | Elf:1    | Reached skill level 5 in Translocations
 90505 | Elf:1    | Received a gift from Nemelex Xobeh
 90807 | Elf:1    | Received a gift from Nemelex Xobeh
 90922 | Elf:1    | Noticed Frances
 90948 | Elf:1    | Killed Frances
 91267 | Elf:2    | Found Rupsin's Distillery.
 91267 | Elf:2    | Found Veenlast's General Store.
 91267 | Elf:2    | Found Cubeug's Antique Weapon Emporium.
 91328 | Elf:2    | Bought 2 potions of heal wounds for 140 gold pieces
 91328 | Elf:2    | Bought a potion of heal wounds for 70 gold pieces
 91328 | Elf:2    | Bought a potion of heal wounds for 70 gold pieces
 91493 | Elf:2    | Found a runed translucent gate.
 91493 | Elf:2    | Found a runed translucent gate.
 91497 | Elf:2    | Found a runed translucent gate.
 91522 | Elf:2    | Found Piheu's Antique Weapon Shop.
 91668 | Elf:2    | Identified the +3 kite shield of the Ecumenical Temple
                  | {+Fly Int+4 Dex+2}
 91668 | Elf:2    | Noticed Donald
 91673 | Elf:2    | Killed Donald
 91725 | Elf:2    | Received a gift from Nemelex Xobeh
 91727 | Elf:2    | Found Figh's Magic Scroll Emporium.
 91735 | Elf:2    | Bought a scroll of teleportation for 39 gold pieces
 91815 | Elf:3    | Entered Level 3 of the Elven Halls
 91956 | Elf:3    | Received a gift from Nemelex Xobeh
 92097 | Elf:3    | Got a coiled pewter ring
 92098 | Elf:3    | Identified the ring of Gegium {rC+ MR+ Str+4 Dex+3 SInv}
                  | (You found it on level 3 of the Elven Halls)
 92553 | Elf:3    | Identified the Almanac of Fetching Air
 92587 | Elf:3    | Identified the Compendium of the Insatiable Beggars
 92633 | Elf:3    | Identified the Disquisition on Creation and Stones
 92639 | Elf:3    | Got a transparent long sword
 92640 | Elf:3    | Identified the +4 long sword of Compulsion {drain, Int+3
                  | Stlth+} (You found it on level 3 of the Elven Halls)
 92659 | Elf:3    | Identified Kynathat's Grimoire of Earth and Intoxication
 92673 | Elf:3    | Got a transparent pewter ring
 92674 | Elf:3    | Identified the ring "Mungoz" {Wiz Int+2} (You found it on
                  | level 3 of the Elven Halls)
 92737 | Elf:3    | Identified Sif Muna's Papyrus of Displacement and Slavery
 92742 | Elf:3    | Got a transparent turquoise ring
 92743 | Elf:3    | Identified the ring "Ytum" {*Drain rPois rF+ Int+6 Dex+4}
                  | (You found it on level 3 of the Elven Halls)
 92840 | Elf:3    | Got an encrusted dagger
 92841 | Elf:3    | Identified the +1 dagger of Premature Burial {vorpal,
                  | +Blink} (You found it on level 3 of the Elven Halls)
 93131 | Hell     | Entered the Vestibule of Hell
 93131 | Hell     | Noticed Geryon
 93722 | Hell     | Killed Geryon
 94116 | Hell     | Found a gateway to the decaying netherworld of Tartarus.
 94298 | Hell     | Found a gateway to the ashen valley of Gehenna.
 94369 | Hell     | Received a gift from Nemelex Xobeh
 94481 | Hell     | Found a gateway to the Iron City of Dis.
 94586 | Hell     | Found a gateway to the freezing wastes of Cocytus.
 95356 | Geh:1    | Entered Level 1 of Gehenna
 95732 | Geh:1    | Received a gift from Nemelex Xobeh
 96327 | Geh:1    | Reached skill level 5 in Spellcasting
 96532 | Geh:2    | You fall into a shaft and drop 2 floors!
 96803 | Geh:1    | Received a gift from Nemelex Xobeh
 98996 | Geh:5    | Reached skill level 10 in Translocations
 99083 | Geh:6    | Received a gift from Nemelex Xobeh
 99200 | Geh:7    | Entered Level 7 of Gehenna
101445 | Geh:7    | Reached skill level 27 in Dodging
101466 | Geh:7    | Received a gift from Nemelex Xobeh
101850 | Geh:7    | Got an obsidian rune of Zot
102173 | Coc:1    | Entered Level 1 of Cocytus
102173 | Coc:1    | Received a gift from Nemelex Xobeh
102305 | Coc:2    | Noticed a shard shrike
102316 | Coc:2    | Killed a shard shrike
102576 | Coc:3    | Noticed a shard shrike
102578 | Coc:3    | Noticed a shard shrike
102817 | Coc:3    | Learned a level 6 spell: Statue Form
102858 | Coc:3    | Noticed a shard shrike
102858 | Coc:3    | Noticed a shard shrike
102860 | Coc:3    | Noticed a shard shrike
102869 | Coc:3    | Killed a shard shrike
102869 | Coc:3    | Received a gift from Nemelex Xobeh
103071 | Coc:4    | Noticed a shard shrike
103227 | Coc:5    | Reached skill level 1 in Evocations
103243 | Coc:5    | Noticed a shard shrike
103251 | Coc:5    | Killed a shard shrike
103557 | Coc:6    | Noticed a shard shrike
103557 | Coc:6    | Noticed a shard shrike
103557 | Coc:6    | Noticed a shard shrike
103557 | Coc:6    | Noticed a shard shrike
103593 | Hell     | Killed a shard shrike
103795 | Coc:3    | Killed a shard shrike
104101 | Coc:5    | Received a gift from Nemelex Xobeh
104106 | Coc:5    | Noticed a shard shrike
104120 | Coc:5    | Killed a shard shrike
104230 | Coc:6    | Killed a shard shrike
104245 | Coc:6    | Killed a shard shrike
104271 | Coc:6    | Killed a shard shrike
104762 | Coc:5    | Received a gift from Nemelex Xobeh
104766 | Coc:5    | Noticed a shard shrike
104788 | Coc:5    | Killed a shard shrike
104998 | Coc:5    | Noticed a shard shrike
105106 | Coc:7    | Entered Level 7 of Cocytus
105174 | Coc:7    | Received a gift from Nemelex Xobeh
105341 | Coc:7    | Noticed the Serpent of Hell
105430 | Hell     | Killed the Serpent of Hell
105636 | Coc:3    | Killed a shard shrike
105656 | Coc:3    | Killed a shard shrike
105835 | Coc:4    | Noticed a shard shrike
105848 | Coc:4    | Killed a shard shrike
106629 | Coc:5    | Killed a shard shrike
106697 | Coc:6    | Noticed a shard shrike
106715 | Coc:6    | Killed a shard shrike
106964 | Coc:3    | Noticed a shard shrike
107058 | Coc:7    | Noticed a shard shrike
107065 | Coc:7    | Killed a shard shrike
107103 | Coc:7    | Noticed a shard shrike
107338 | Coc:7    | Noticed a shard shrike
107620 | Coc:3    | Killed a shard shrike
107624 | Coc:3    | Noticed a shard shrike
107638 | Coc:3    | Killed a shard shrike
107725 | Coc:4    | Reached skill level 5 in Evocations
107871 | Coc:7    | Noticed a shard shrike
107871 | Coc:7    | Noticed a shard shrike
107871 | Coc:7    | Noticed a shard shrike
107887 | Hell     | Killed a shard shrike
107906 | Hell     | Killed a shard shrike
107916 | Hell     | Killed a shard shrike
108337 | Coc:7    | Killed a shard shrike
108370 | Coc:7    | Killed a shard shrike
108763 | Coc:7    | Got a polished short sword
108764 | Coc:7    | Identified the +8 short sword of the Magi {holy, +Inv Str-3
                  | Int+4} (You found it on level 7 of Cocytus)
108768 | Coc:7    | Noticed a shard shrike
108778 | Coc:7    | Killed a shard shrike
108887 | Coc:7    | Noticed Antaeus
109654 | Coc:7    | Received a gift from Nemelex Xobeh
109687 | Coc:7    | Noticed a shard shrike
109695 | Coc:7    | Killed a shard shrike
109760 | Coc:7    | Killed Antaeus
109911 | Coc:7    | Got an icy rune of Zot
110020 | Coc:7    | Noticed a shard shrike
110035 | Coc:7    | Killed a shard shrike
110128 | Dis:1    | Entered Level 1 of the Iron City of Dis
111586 | Dis:4    | You fall into a shaft and drop 2 floors!
111694 | Dis:6    | Received a gift from Nemelex Xobeh
111925 | Dis:6    | Reached skill level 10 in Evocations
112801 | Dis:7    | Entered Level 7 of the Iron City of Dis
112817 | Dis:7    | Received a gift from Nemelex Xobeh
115358 | Dis:7    | Received a gift from Nemelex Xobeh
115518 | Dis:7    | Learned a level 2 spell: Blink
115998 | Dis:7    | Got a coiled sapphire amulet
115999 | Dis:7    | Identified the amulet of Modesty {Reflect rPois SH+5} (You
                  | found it on level 7 of the Iron City of Dis)
116161 | Dis:7    | Got a pitted scale mail
116162 | Dis:7    | Identified the +3 scale mail of Tenooc {rElec} (You found
                  | it on level 7 of the Iron City of Dis)
116306 | Dis:7    | Received a gift from Nemelex Xobeh
116561 | Dis:7    | Reached skill level 27 in Shields
116772 | Dis:7    | Got a twisted dagger
116773 | Dis:7    | Identified the +9 dagger of the Desert {vamp, +Blink} (You
                  | found it on level 7 of the Iron City of Dis)
116804 | Dis:7    | Reached skill level 15 in Evocations
117161 | Dis:7    | Identified the +4 staff of Dispater
117161 | Dis:7    | Noticed Dispater
118134 | Dis:7    | Killed Dispater
118378 | Dis:7    | Got an iron rune of Zot
118662 | Tar:1    | Entered Level 1 of Tartarus
118756 | Tar:1    | Reached skill level 1 in Earth Magic
119566 | Hell     | Reached skill level 10 in Invocations
119821 | Tar:1    | HP: 10/223 [???[a doom hound] (3)]
119829 | Tar:1    | Reached skill level 5 in Earth Magic
120090 | Zig:1    | Entered Level 1 of a ziggurat
120130 | Zig:2    | Entered Level 2 of a ziggurat
120182 | Zig:3    | Entered Level 3 of a ziggurat
120185 | Zig:3    | Gained mutation: You are frail. (-10% HP) [a shining eye]
120190 | Zig:3    | Gained mutation: You occasionally shout uncontrollably at
                  | your foes. [a shining eye]
120210 | Zig:3    | Got a clouded brass amulet
120218 | Zig:3    | Identified the amulet "Xausel" {RegenMP rC+ Str-3 Int+8
                  | SInv} (You found it on level 3 of a ziggurat)
120222 | Zig:4    | Entered Level 4 of a ziggurat
120226 | Zig:4    | Found the +9 heavy crossbow "Sniper" {vorpal, Acc+∞ SInv}
120275 | Zig:4    | Reached skill level 1 in Transmutations
120326 | Zig:4    | Got a vibrating bronze ring
120327 | Zig:4    | Identified the ring "Meakhouf" {+Fly rF+ rC+ Stlth+} (You
                  | found it on level 4 of a ziggurat)
120329 | Zig:4    | Got a slimy platinum ring
120330 | Zig:4    | Identified the ring "Lunilemoe" {rC++ Dex+6} (You found it
                  | on level 4 of a ziggurat)
120340 | Zig:5    | Entered Level 5 of a ziggurat
120442 | Zig:5    | Got a jewelled plate armour
120443 | Zig:5    | Identified the +4 plate armour of Death's Door {Harm Str-5
                  | Dex+2} (You found it on level 5 of a ziggurat)
120448 | Zig:6    | Entered Level 6 of a ziggurat
120524 | Zig:6    | Identified Eqab's Guide on Noxious Unholy Arts
120544 | Zig:7    | Entered Level 7 of a ziggurat
120544 | Zig:7    | Received a gift from Nemelex Xobeh
120570 | Zig:7    | Noticed Warol the pandemonium lord
120571 | Zig:7    | Found the amulet of Vitality {Regen+ HP+15}
120591 | Zig:7    | Killed Warol the pandemonium lord
120680 | Zig:7    | Learned a level 3 spell: Portal Projectile
120962 | Zig:8    | Entered Level 8 of a ziggurat
121114 | Zig:8    | Found the +11 plutonium sword {*Contam Stlth-}
121133 | Zig:8    | Got a steaming crystal plate armour
121138 | Zig:8    | Got a slimy shortbow
121147 | Zig:8    | Identified the +5 shortbow of the Philosopher {venom, rN+
                  | MR+ Str-3} (You found it on level 8 of a ziggurat)
121152 | Zig:8    | Got a scorched hand crossbow
121153 | Zig:8    | Identified the cursed +3 hand crossbow "Oham" {freeze,
                  | rPois} (You found it on level 8 of a ziggurat)
121154 | Zig:8    | Identified the +4 crystal plate armour of the Salamander
                  | {Str+4} (You found it on level 8 of a ziggurat)
121167 | Depths:1 | Lost mutation: You are frail. (-10% HP) [potion of
                  | mutation]
121167 | Depths:1 | Lost mutation: Your flesh is cold resistant. (rC+) [potion
                  | of mutation]
121167 | Depths:1 | Gained mutation: You possess an exceptional clarity of
                  | mind. [potion of mutation]
121523 | Tar:3    | Received a gift from Nemelex Xobeh
122566 | Tar:3    | Reached skill level 10 in Earth Magic
123018 | Tar:1    | Received a gift from Nemelex Xobeh
123680 | Tar:1    | Reached skill level 10 in Spellcasting
124087 | Hell     | Reached skill level 5 in Transmutations
124746 | Tar:3    | Reached skill level 15 in Invocations
126641 | Tar:4    | Received a gift from Nemelex Xobeh
128702 | Tar:5    | Received a gift from Nemelex Xobeh
128979 | Tar:7    | Entered Level 7 of Tartarus
130161 | Tar:7    | Received a gift from Nemelex Xobeh
131134 | Tar:7    | Reached skill level 27 in Short Blades
131139 | Tar:7    | Gained mutation: You do not regenerate when monsters are
                  | visible. [mutagenic glow]
131191 | Tar:7    | Gained mutation: You are weak. (Str -2) [mutagenic glow]
131196 | Tar:7    | Lost mutation: You are weak. (Str -2) [potion of mutation]
131196 | Tar:7    | Lost mutation: You occasionally shout uncontrollably at
                  | your foes. [potion of mutation]
131196 | Tar:7    | Gained mutation: Armour fits poorly on your strangely
                  | shaped body. [potion of mutation]
131196 | Tar:7    | Gained mutation: You are robust. (+10% HP) [potion of
                  | mutation]
131203 | Hell     | Lost mutation: You do not regenerate when monsters are
                  | visible. [potion of mutation]
131203 | Hell     | Lost mutation: Armour fits poorly on your strangely shaped
                  | body. [potion of mutation]
131203 | Hell     | Lost mutation: You are robust. (+10% HP) [potion of
                  | mutation]
131203 | Hell     | Lost mutation: You possess an exceptional clarity of mind.
                  | [potion of mutation]
131207 | Hell     | Gained mutation: You occasionally shout uncontrollably at
                  | your foes. [mutagenic glow]
131252 | Hell     | Gained mutation: [You are clumsy. (Dex -2)] [mutagenic
                  | glow]
131870 | Tar:7    | Found the +8 storm bow {elec, penet}
132335 | Tar:7    | Found the +12 Vampire's Tooth {vamp}
132338 | Tar:7    | Got a smoking buckler
132339 | Tar:7    | Identified the cursed +0 buckler "Qiothu" {SInv} (You found
                  | it on level 7 of Tartarus)
132342 | Tar:7    | Found the +8 Wrath of Trog {antimagic, *Rage}
132347 | Tar:7    | Got a transparent golden ring
132348 | Tar:7    | Identified the ring of Uhuqovva {*Tele rPois rC+} (You
                  | found it on level 7 of Tartarus)
132355 | Tar:7    | Got a scintillating tin amulet
132372 | Tar:7    | Identified the amulet of the Invisible Hosts {*Drain rC+
                  | Regen+ Str+3 Int+3} (You found it on level 7 of Tartarus)
133115 | Tar:7    | Noticed Ereshkigal
133235 | Tar:7    | Got a bone rune of Zot
133239 | Tar:7    | Received a gift from Nemelex Xobeh
133322 | Depths:1 | Lost mutation: [You are clumsy. (Dex -2)] [potion of
                  | mutation]
133323 | Depths:1 | Lost mutation: You occasionally shout uncontrollably at
                  | your foes. [potion of mutation]
133323 | Depths:1 | Gained mutation: You have sharp toenails. [potion of
                  | mutation]
133658 | Crypt:1  | Entered Level 1 of the Crypt
133673 | Crypt:1  | Noticed Margery
133709 | Crypt:1  | Killed Margery
133904 | Crypt:1  | You fall into a shaft and drop 1 floor!
133941 | Crypt:2  | Identified the Volume of Earthen Moulding
134350 | Crypt:1  | Received a gift from Nemelex Xobeh
134755 | Crypt:2  | Received a gift from Nemelex Xobeh
135026 | Crypt:3  | Entered Level 3 of the Crypt
135596 | Crypt:3  | Found a staircase to the Tomb.
135708 | Crypt:3  | Noticed an ancient lich
135710 | Crypt:3  | Killed an ancient lich
136233 | Crypt:3  | Found an ancient bone altar of Kikubaaqudgha.
136270 | Crypt:3  | Noticed an ancient lich
136275 | Crypt:3  | Killed an ancient lich
136460 | Tomb:1   | Entered Level 1 of the Tomb of the Ancients
136460 | Tomb:1   | Received a gift from Nemelex Xobeh
136769 | Tomb:1   | Received a gift from Nemelex Xobeh
136934 | Tomb:1   | Noticed a greater mummy
136962 | Tomb:1   | Noticed a greater mummy
136981 | Tomb:1   | Killed a greater mummy
137125 | Tomb:1   | Noticed a greater mummy
137172 | Tomb:1   | Killed a greater mummy
137493 | Tomb:1   | Identified Wipe's Volume of Hurtful Darkness
137775 | Tomb:1   | Killed a greater mummy
138284 | Depths:2 | Voluntarily entered the Abyss.
138412 | Abyss:2  | Found an iron altar of Okawaru.
138424 | Abyss:2  | Found an iron altar of Okawaru.
138891 | Abyss:3  | Received a gift from Nemelex Xobeh
138983 | Abyss:3  | Reached skill level 15 in Earth Magic
139221 | Abyss:3  | Received a gift from Nemelex Xobeh
139313 | Abyss:3  | Received a gift from Nemelex Xobeh
139475 | Abyss:3  | Received a gift from Nemelex Xobeh
139530 | Depths:2 | Escaped the Abyss
140062 | Tomb:1   | Learned a level 6 spell: Dispersal
140069 | Tomb:2   | Noticed a greater mummy
140071 | Tomb:2   | Noticed a greater mummy
140103 | Tomb:2   | Noticed a greater mummy
140105 | Tomb:1   | Killed a greater mummy
140221 | Tomb:2   | Noticed a greater mummy
140259 | Tomb:1   | Noticed a greater mummy
140259 | Tomb:1   | Noticed a greater mummy
140259 | Tomb:1   | Noticed a greater mummy
140262 | Tomb:1   | Noticed a greater mummy
140279 | Tomb:1   | Killed a greater mummy
140279 | Tomb:1   | Reached skill level 10 in Transmutations
140450 | Tomb:1   | Noticed a greater mummy
140450 | Tomb:1   | Noticed a greater mummy
140452 | Tomb:1   | Identified the +0 trident of Oguagi {freeze, rN++}
140452 | Tomb:1   | Noticed a greater mummy
140452 | Tomb:1   | Noticed a greater mummy
140453 | Tomb:1   | Noticed a greater mummy
140476 | Tomb:1   | Killed a greater mummy
140693 | Tomb:2   | Noticed a greater mummy
140693 | Tomb:2   | Noticed a greater mummy
140695 | Tomb:2   | Noticed Khufu
140711 | Tomb:2   | Killed a greater mummy
140726 | Tomb:2   | Identified the +4 demon trident of Qyuqo {elec, rPois}
140765 | Tomb:2   | Killed a greater mummy
140778 | Tomb:2   | Killed Khufu
141456 | Depths:2 | Voluntarily entered the Abyss.
141680 | Abyss:1  | Noticed an ancient lich
141769 | Abyss:1  | Received a gift from Nemelex Xobeh
141797 | Abyss:1  | Killed an ancient lich
142162 | Abyss:1  | Received a gift from Nemelex Xobeh
142625 | Abyss:1  | Received a gift from Nemelex Xobeh
142786 | Abyss:1  | Received a gift from Nemelex Xobeh
143151 | Abyss:1  | Received a gift from Nemelex Xobeh
143171 | Abyss:1  | Found a corrupted altar of Lugonu.
143254 | Abyss:1  | Found a corrupted altar of Lugonu.
143511 | Abyss:1  | Received a gift from Nemelex Xobeh
143921 | Abyss:1  | Found a corrupted altar of Lugonu.
143929 | Abyss:1  | Received a gift from Nemelex Xobeh
144103 | Abyss:1  | Found a corrupted altar of Lugonu.
144191 | Abyss:1  | Found a corrupted altar of Lugonu.
144261 | Abyss:1  | Got a shimmering ivory ring
144270 | Abyss:1  | Found a burning altar of Makhleb.
144281 | Abyss:1  | Identified the ring "Suysegit" {+Fly rF+ Int+3} (You found
                  | it on level 1 of the Abyss)
144339 | Abyss:1  | Received a gift from Nemelex Xobeh
144423 | Abyss:1  | Found a transporter.
144451 | Abyss:1  | Found a transporter.
144453 | Abyss:1  | Found a corrupted altar of Lugonu.
144453 | Abyss:1  | Found a transporter.
144570 | Abyss:1  | Paralysed by accursed screaming for 1 turns
144610 | Abyss:1  | Paralysed by accursed screaming for 1 turns
144619 | Abyss:1  | Paralysed by accursed screaming for 1 turns
144630 | Abyss:1  | Paralysed by accursed screaming for 2 turns
144632 | Abyss:1  | HP: 1/224 [starcursed mass (12)]
144632 | Abyss:1  | Killed from afar by a starcursed mass

Illustrated notes

Levels and vault maps discovered:
D:1:      tarquinn_simple_flora_water_a, layout_basic, serial_forest,
          infiniplex_forest_clump_cross, infiniplex_forest_clump_small,
          infiniplex_forest_lined_4_way, infiniplex_forest_zigzag_2,
          infiniplex_forest_lined_2, hex_intersection
D:2:      layout_basic, nicolae_overflow_crystal_walls,
          nicolae_gozag_seed_capital, first_ration, kennysheep_cross_bottleneck
D:3:      gammafunk_steamed_eel, layout_basic, lemuel_blue_sif_altar,
          gammafunk_ghost_smash
D:4:      layout_gridville, kennysheep_mini_moat
D:5:      kennysheep_windowed_halls, layout_loops_corners, cheibriados_altar_1,
          temple_fountains, minivault_25, guppyfry_early_orc_mine
D:6:      layout_loops_ring, evilmike_ruin_ashenzari, marbit_many_paths,
          gammafunk_ghost_icy
D:7:      layout_cave_pools, hangedman_decor_growths, grunt_livestock,
          uniq_prince_ribbit1
D:8:      minmay_spotlight, layout_loops_corners, lemuel_doored_altar,
          doesnt_xom_only_xom, lair_entry_dummy, serial_shops,
          kennysheep_little_box
D:9:      layout_irregular_city, zin_purify,
          nicolae_ru_great_annihilating_truth, vehumet_crystals
D:10:     layout_basic, erik_orc_2
D:11:     layout_roguey, uniq_sonja
D:12:     minmay_tile_spiral, layout_loops_ring, enter_bailey_6
D:13:     layout_rooms, grunt_vaults_entry_tiered, minivault_7
D:14:     hourglass_vault, layout_loops_ring, serial_shops, nicolae_shop_trees,
          shop, hangedman_decor_points, trove_entry_hex_spiral,
          grunt_qazlal_clouds, uniq_louise
D:15:     gammafunk_enter_depths_forms, layout_cave_pools, chequers_mini_garden,
          special_room [special_room_mythical_zoo], hangedman_aviary,
          uniq_roxanne
Temple:   dpeg_chambers_temple
Lair:1:   layout_hall_layers
Lair:2:   layout_hall_layers, minmay_shoals_entry_hut, spider_nest_entry_webs,
          grunt_megastairs_5, infiniplex_staircase_pool_2
Lair:3:   layout_gridlike, portal_ice_cave_entry_pillars_1,
          minmay_lair_oklob_chamber
Lair:4:   layout_cave_shapes, serial_bayou_shore_a, serial_bayou_shore_b,
          grunt_megastairs_3, infiniplex_staircase_pool
Lair:5:   layout_hall_layers, gammafunk_ghost_icy, forest_entry_grove
Lair:6:   wormcave, layout_long_grid, guppyfry_lair_end_dragon,
          minmay_slime_entry_pillars, dpeg_oklob_1, serial_bayou_shore_b
Shoals:1: layout_shoals
Shoals:2: layout_shoals
Shoals:3: layout_shoals, gammafunk_ghost_berserking_beasts
Shoals:4: shoals_end_hangedman, layout_shoals, nicolae_shoals_circle_sea_wall
Spider:1: layout_spider_delve
Spider:2: layout_spider_delve, drop_trap, hive_lemuel, uniq_aizul
Spider:3: layout_spider_delve, hangedman_stitches_earthworm
Spider:4: guppyfry_spider_rune, drop_trap, nicolae_spider_circle_web,
          minivault_29
Slime:1:  layout_caves
Slime:2:  layout_caves
Slime:3:  layout_caves
Slime:4:  layout_caves, nicolae_slime_phagocytosis
Slime:5
Orc:1:    layout_caves
Orc:2:    st_orc_open, layout_caves, serial_shops, nicolae_shop_statue_plus,
          david_defended_altar_orc
Elf:1:    eino_elf_arrival_shootout, layout_onion_city,
          minmay_elf_crystal_heptagon, grunt_ministairs_11, uniq_frances
Elf:2:    layout_gridlike, serial_shops, shop, nicolae_shop_statue_plus, shop,
          nicolae_shop_trees, shop, minmay_fountain_box, uniq_donald
Elf:3:    minmay_elf_hall_spiked, layout_geoelf_castle
Vaults:1: vaults_standard_mumra_lines, v_rooms_6, hangedman_vaults_maws,
          v_misc_1, ontoclasm_vaults_ring_large, nicolae_vaults_ninety_degrees,
          ontoclasm_vaults_loading_screen, vaults_dpeg_diagonal,
          vaults_mumra_minichess, nicolae_vaults_little_squares_6,
          nicolae_vaults_shelves_hall, layout_vaults_big_cross
Vaults:2: v_pattern_5, hangedman_vaults_snaps, hangedman_vaults_nodes,
          ontoclasm_vaults_gallery, ontoclasm_vaults_claustrophobia,
          nicolae_vaults_little_squares_2, nicolae_vaults_yaktaur_gun_rack,
          v_rooms_5, nicolae_vaults_border_crossing,
          hangedman_vaults_stretched_pinwheel, nicolae_vaults_rhombus_5,
          nicolae_vaults_little_squares_1, v_misc_19, layout_vaults_omnibox,
          portal_desolation_entry_twin_temple
Vaults:3: vaults_mumra_hex, minmay_crypt_entry_necro_gods, v_misc_4, v_rooms_2,
          hangedman_vaults_stitches, v_misc_27, v_alt_pattern_2, st_lines,
          grunt_vaults_hallway_short, vaults_dpeg_doors, v_misc_8,
          vaults_room_fancy_cross, layout_vaults_maze_bifur
Vaults:4: vaults_room_octagon, ontoclasm_vaults_ring_small,
          hangedman_vaults_stretched_pinwheel, grunt_vaults_hallway_long,
          v_misc_27, ontoclasm_vaults_misaligned, vaults_room_glass_cross,
          grunt_vaults_focal, ontoclasm_vaults_ring_large,
          hangedman_vaults_stretched_pinwheel, nicolae_vaults_angled_halls,
          v_misc_13, ontoclasm_vaults_spin, nicolae_vaults_little_squares_3,
          vaults_room_pool, vaults_room_fours, layout_vaults_ring, serial_shops,
          shop, uniq_xtahua
Vaults:5: serial_shops
Crypt:1:  layout_gridlike, uniq_margery
Crypt:2:  layout_misc_corridors
Crypt:3:  quadcrypt_mu
Tomb:1
Tomb:2:   uniq_khufu
Depths:1: angbandy_vault, layout_long_grid, enter_ziggurat_e,
          gammafunk_ghost_necromancy, hangedman_coc_ice_floe,
          serial_bayou_pond_d, minmay_alternating_orb, uniq_sojobo
Depths:2: minmay_the_grid_octo_tiled_octocenter
          [minmay_the_grid_octo_fat_diamond, minmay_the_grid_octo_77,
          minmay_the_grid_octo_shrine, minmay_the_grid_octo_clover_2,
          minmay_the_grid_octo_prize_star, minmay_the_grid_square_5x5_empty,
          minmay_the_grid_square_5x5_two, minmay_the_grid_square_5x5_moneybag,
          minmay_the_grid_square_5x5_detours], layout_cave_pools,
          hangedman_decor_push, lightli_too_deep, abyss_entry_crystal,
          infiniplex_staircase_zigzag_4
Depths:3: hangedman_spin_cycle, pan_entry, abyss_entry, hell_entry
Depths:4: evilmike_diamond_2, layout_basic, abyss_entry_small_statue_room,
          grunt_hell_entry_dis_old, minmay_splitting_lines, nrook_pool_corridor
Depths:5: grunt_zot_entry_bicorn, layout_cave_pools, minmay_misc_feat_square,
          serial_shops, shop_fountains, hell_entry, hangedman_abyss_entry_splay,
          uniq_saint_roka
Hell
Dis:1:    layout_subdivisions, hangedman_feature_mirror
Dis:2:    layout_jigsaw
Dis:3:    lightli_tower_of_babel, layout_regular_city
Dis:4:    layout_gridville, hangedman_dis_chains, evilmike_ambush
          [evilmike_ambush_outer_basic, evilmike_ambush_inner_cross]
Dis:5:    layout_subdivisions
Dis:6:    layout_overlapping_boxes
Dis:7:    iron_city_of_dis [dis_mu, dis_wall_2], layout_chaotic_city
Geh:1:    layout_gehenna_lava_caves
Geh:2:    layout_gehenna_pools_basic
Geh:3:    layout_gehenna_lava_caves, lemuel_elevator
Geh:4:    layout_gehenna_pools_triple, nicolae_geh_fiery_graves
          [nicolae_geh_single_fiery_grave, nicolae_geh_single_fiery_grave,
          nicolae_geh_single_fiery_grave, nicolae_geh_single_fiery_grave,
          nicolae_geh_single_fiery_grave, nicolae_geh_single_fiery_grave,
          nicolae_geh_single_fiery_grave, nicolae_geh_single_fiery_grave,
          nicolae_geh_single_fiery_grave]
Geh:5:    layout_gehenna_lava_caves, door_vault
Geh:6:    layout_gehenna_pools_basic
Geh:7:    evilmike_geh
Coc:1:    layout_cocytus_water_paths
Coc:2:    layout_cocytus_water_paths
Coc:3:    layout_cocytus_water_paths
Coc:4:    layout_ice_bergs
Coc:5:    layout_ice_bergs
Coc:6:    layout_cocytus_water_paths
Coc:7:    coc_grunt_cove [coc_grunt_cove_antaeus, coc_grunt_cove_fiend,
          coc_grunt_cove_fiend, coc_grunt_cove_fiend, coc_grunt_cove_fiend]
Tar:1:    layout_honeycomb, grunt_megastairs_2
Tar:2:    layout_grid_maze
Tar:3:    layout_honeycomb, grunt_tartarus_stairs_gauntlet_trap
Tar:4:    layout_cathedral_of_symmetry, nicolae_tar_cuneiform_heaven
Tar:5:    layout_catacombs, lemuel_elevator
Tar:6:    layout_honeycomb, nicolae_tar_cuneiform_sun
Tar:7:    tar_mu [tar_mu_maze]
Zot:1:    layout_gridlike
Zot:2:    layout_twisted_circle
Zot:3:    layout_gridlike, nzn_random_ring, grunt_megastairs_1
Zot:4:    layout_concentric_octagons, lemuel_elevator
Zot:5:    layout_basic
Abyss:1:  base: Zot:5, base: Lair:5, evilmike_abyss_exit_11, base: Tar:6,
          evilmike_abyss_exit_vortex, hangedman_summoners_spam, base: Geh:4,
          base: Geh:3, base: Geh:4, hangedman_classic_abyss_death,
          bh_abyss_exit_choice, bh_abyss_exit_choice, minivault_23,
          evilmike_abyss_exit_smiterflies, bh_abyss_exit_spiral,
          bh_abyss_exit_spiral, evilmike_abyss_exit_kraken,
          evilmike_abyss_exit_glass, hangedman_stitches_earthworm,
          hangedman_abyss_mock_shop, evilmike_abyss_exit_10,
          gammafunk_corrupted_shrine, evilmike_abyss_exit_glass

Skill      XL: |  1  2  3  4  5  6  7  8  9 10 11 12 13 14 15 16 17 18 19 20 21 22 23 24 25 26 27 |
---------------+----------------------------------------------------------------------------------+-----
Fighting       | 2 3 4 6 8 9 11 13 14 16 18 19 20 21 22 27 | 27.0
Slings         | 6 7 8 9 10 12 14 15 16 17 18 20 21 22 23 24 26 27 | 27.0
Short Blades   | 1 2 4 6 7 8 27 | 27.0
Dodging        | 3 4 5 6 7 9 11 12 13 15 17 18 27 | 27.0
Armour         | 1 3 5 6 7 8 10 11 12 13 14 15 16 17 22 | 22.0
Invocations    | 2 3 4 5 6 7 8 21 | 21.0
Shields        | 5 6 7 8 9 10 11 12 14 16 27 | 27.0
Stealth        | 25 | 25.3
Translocations | 11 | 11.0
Spellcasting   | 14 | 14.0
Evocations     | 16 | 16.3
Earth Magic    | 15 | 15.0
Transmutations | 10 | 10.0
Hexes          | 2 |  2.1

Action                   |  1- 3 |  4- 6 |  7- 9 | 10-12 | 13-15 | 16-18 | 19-21 | 22-24 | 25-27 || total
-------------------------+-------+-------+-------+-------+-------+-------+-------+-------+-------++-------
Melee: Dagger            |   111 |   225 |   240 |   173 |   371 |       |       |       |       ||  1120
       Hunting sling     |       |       |       |     1 |     1 |       |       |       |       ||     2
       Short sword       |       |       |       |       |       |       |       |       | 16709 || 16709
       Quick blade       |       |       |       |       |       |       |       |       |  2813 ||  2813
       Fustibalus        |       |       |       |       |       |       |       |       |    20 ||    20
       Kick              |       |       |       |       |       |       |       |       |     4 ||     4
 Fire: Hunting sling     |    41 |   105 |   226 |  1200 |  2020 |       |       |       |       ||  3592
       Fustibalus        |       |       |       |       |   452 |  1868 |  1805 |  2086 |  7088 || 13299
Throw: Stone             |       |       |       |       |       |       |       |       |    38 ||    38
 Cast: Portal Projectile |       |       |       |       |       |       |       |       |    19 ||    19
       Apportation       |       |       |       |       |       |       |       |       |    14 ||    14
       Passage of Golubr |       |       |       |       |       |       |       |       |    14 ||    14
       Statue Form       |       |       |       |       |       |       |       |       |    12 ||    12
       Blink             |       |       |       |       |       |       |       |       |     2 ||     2
Invok: Draw Destruction  |       |       |     3 |     6 |    25 |     6 |       |     2 |     5 ||    47
       Draw Summoning    |       |       |       |     4 |     1 |       |       |       |    12 ||    17
       Draw Escape       |       |       |       |     1 |       |       |       |       |     2 ||     3
       Draw Stack        |       |       |       |       |       |       |       |       |    15 ||    15
       Stack Five        |       |       |       |       |       |       |       |       |     4 ||     4
       Deal Four         |       |       |       |       |       |       |       |       |     3 ||     3
       Triple Draw       |       |       |       |       |       |       |       |       |     1 ||     1
 Abil: Evoke Flight      |       |       |       |       |       |       |       |       |    33 ||    33
       Stop Flying       |       |       |       |       |       |       |       |       |     3 ||     3
Evoke: Wand              |       |       |       |       |     2 |       |       |       |    11 ||    13
       Phantom mirror    |       |       |       |       |       |       |       |       |     2 ||     2
  Use: Scroll            |       |     2 |     2 |     2 |    18 |    15 |     8 |     5 |   108 ||   160
       Potion            |       |       |       |       |       |     6 |     1 |     2 |    84 ||    93
 Stab: Sleeping          |     1 |     1 |     1 |     3 |       |       |       |       |   167 ||   173
       Distracted        |       |       |       |       |       |       |       |       |    99 ||    99
       Paralysed         |       |       |       |       |       |       |       |       |     4 ||     4
       Invisible         |       |       |       |       |       |       |       |       |     3 ||     3
  Eat: Chunk             |       |     8 |     9 |    18 |    31 |    23 |    25 |    27 |   120 ||   261
       Ration            |       |       |       |       |     1 |     1 |       |       |    57 ||    59
Armor: Leather armour    |    20 |    59 |    85 |   131 |   169 |       |       |       |       ||   464
       Plate armour      |       |       |       |       |   213 |   406 |   111 |       |       ||   730
       Scale mail        |       |       |       |       |       |       |    25 |   196 |  1952 ||  2173
       Skin              |       |       |       |       |       |       |       |       |    34 ||    34
Dodge: Dodged            |    63 |   170 |   260 |   577 |   786 |   652 |   425 |   673 | 11273 || 14879
Block: Buckler           |       |       |       |       |   256 |   571 |   606 |   795 |   752 ||  2980
       Reflection        |       |       |       |       |       |    18 |   109 |    43 |    46 ||   216
       Kite shield       |       |       |       |       |       |       |       |       | 18682 || 18682
